 Dungeon Crawl Stone Soup version 0.18.1-50-g88ac8fd (webtiles) character file.

9933835 kengeki the Conqueror (level 27, 273/273 HPs)
             Began as a Hill Orc Fighter on Oct 25, 2016.
             Was the Champion of Kikubaaqudgha.
             Escaped with the Orb
             ... and 15 runes on Oct 30, 2016!
             The game lasted 1 day 17:54:12 (173059 turns).

kengeki the Conqueror (Hill Orc Fighter)      Turns: 173059, Time: 1 , 17:54:13

Health: 273/273    AC: 45    Str: 33    XL:     27
Magic:  45/45      EV: 18    Int: 11    God:    Kikubaaqudgha [******]
Gold:   10454      SH:  0    Dex:  8    Spells: 14 memorised, 0 levels left

rFire  + + +     SeeInvis +     a - +9 executioner's axe (freeze)
rCold  + . .     Gourm    .     o - +7 pearl dragon armour
rNeg   + + +     Faith    .     (shield currently unavailable)
rPois  +         Spirit   .     k - +2 helmet "Yduuho" {rPois Regen+ Str+7}
rElec  +         Dismiss  .     K - +2 cloak {MR+}
rCorr  .         Reflect  .     G - +1 pair of gloves of the Three Dances {rElec SInv}
SustAt +         Harm     .     Y - +2 pair of boots {Fly}
MR     +++..                    M - amulet of regeneration
Stlth  ..........               j - ring "Asmoyg" {SustAt rN++}
                                z - ring "Leogis" {rF+++ rC+ Str-2 Dex-3 Stlth+}

@: flying, contaminated, glowing, extremely resistant to hostile enchantments,
extremely unstealthy
A: no striking features
a: Receive Corpses, Torment, Brand Weapon With Pain, Receive Necronomicon,
Renounce Religion, Stop Flying
0: Orb of Zot
}: 15/15 runes: decaying, serpentine, slimy, silver, golden, iron, obsidian,
icy, bone, abyssal, demonic, glowing, magical, fiery, dark


You escaped.
You worshipped Kikubaaqudgha.
Kikubaaqudgha was exalted by your worship.
You were completely stuffed.

You visited 18 branches of the dungeon, and saw 93 of its levels.
You visited Pandemonium 5 times, and saw 22 of its levels.
You visited the Abyss 2 times.
You visited 1 ziggurat, and saw 16 of its levels.
You also visited: Trove, Sewer and Ossuary.

You collected 20831 gold pieces.
You spent 10377 gold pieces at shops.

Inventory:

Hand Weapons
 a - a +9 executioner's axe of freezing (weapon)
 b - a +9 executioner's axe of flaming
 i - the +5 battleaxe "Efarghawk" {antimagic, Dex+5}
   (Okawaru gifted it to you on level 2 of the Snake Pit)

   It disrupts the flow of magical energy around spellcasters and certain
   magical creatures (including the wielder).
   It affects your dexterity (+5).
Armour
 k - the +2 helmet "Yduuho" (worn) {rPois Regen+ Str+7}
   (You found it on level 16 of a ziggurat)

   It affects your strength (+7).
   It protects you from poison.
   It increases your rate of regeneration.
 o - a +7 pearl dragon armour (worn)
 s - the +1 hat of Vuceesyd {rF+ rC+ Dex+4}
   (Okawaru gifted it to you on level 11 of the Dungeon)

   It affects your dexterity (+4).
   It protects you from fire.
   It protects you from cold.
 G - the +1 pair of gloves of the Three Dances (worn) {rElec SInv}
   (You acquired it on level 3 of the Swamp)

   It insulates you from electricity.
   It lets you see invisible.
 K - a +2 cloak of magic resistance (worn)
 Y - a +2 pair of boots of flying (worn)
Magical Staves
 c - an uncursed staff of energy
 w - an uncursed staff of wizardry
Jewellery
 e - an uncursed ring of resist corrosion
 f - an uncursed ring of protection from magic
 j - the ring "Asmoyg" (right hand) {SustAt rN++}
   (You found it on level 8 of a ziggurat)

   [ring of sustain attributes]

   It sustains your strength, intelligence and dexterity.
   It greatly protects you from negative energy.
 t - an uncursed ring of protection from fire
 z - the ring "Leogis" (left hand) {rF+++ rC+ Str-2 Dex-3 Stlth+}
   (You found it on level 3 of the Crypt)

   [ring of protection from cold]

   It affects your strength (-2).
   It affects your dexterity (-3).
   It renders you almost immune to fire.
   It protects you from cold.
   It makes you more stealthy.
 M - an amulet of regeneration (around neck)
Wands
 D - a wand of digging (19/24)
 H - a wand of disintegration (22/24)
 I - a wand of hasting (5/9)
 J - a wand of teleportation (9/9)
 N - a wand of heal wounds (7/9)
 P - a wand of hasting (0/9)
 Q - a wand of heal wounds (3/9)
 T - a wand of heal wounds (9/9)
Scrolls
 d - 5 scrolls of blinking
 g - 3 scrolls of silence
 h - 15 scrolls of fog
 v - 5 scrolls of holy word
 A - 37 scrolls of remove curse
 E - 23 scrolls of identify
 L - 17 scrolls of teleportation
 R - 3 scrolls of magic mapping
 V - 5 scrolls of vulnerability
 W - 10 scrolls of fear
 Z - a scroll of recharging
Potions
 l - 5 potions of berserk rage
 m - 2 potions of resistance
 n - 28 potions of curing
 p - 7 potions of magic
 x - 2 potions of agility
 B - 2 potions of brilliance
 C - 6 potions of heal wounds
 O - 3 potions of cure mutation
 U - 4 potions of might
Miscellaneous
 r - a fan of gales
 u - a disc of storms
 y - 5 phantom mirrors
 X - a legendary deck of escape {the Elixir}
Comestibles
 q - 32 bread rations


   Skills:
 O Level 27 Fighting
 O Level 27 Axes
 O Level 27 Armour
 - Level 23.0 Dodging
   Level 6.0 Shields
 - Level 18.0 Spellcasting
 + Level 16.7 Conjurations
 - Level 19.0 Hexes
 - Level 17.0 Charms
   Level 10.0 Summonings
 O Level 27 Necromancy
 + Level 13.7 Translocations
 - Level 20.0 Transmutations
 - Level 16.0 Air Magic
 - Level 16.0 Earth Magic
   Level 16.0 Invocations
 - Level 15.0 Evocations


You couldn't memorise any spells.
You knew the following spells:

 Your Spells              Type           Power        Failure   Level  Hunger
a - Apportation           Tloc           #####.....   1%          1    None
b - Blink                 Tloc           N/A          1%          2    None
c - Controlled Blink      Tloc           N/A          99%         8    #######
d - Deflect Missiles      Chrm/Air       #####.....   1%          6    ######.
e - Regeneration          Chrm/Necr      ######....   0%          3    None
f - Animate Dead          Necr           N/A          0%          4    ##.....
g - Lee's Rapid Deconstr  Erth           #####.....   1%          5    #####..
h - Haste                 Chrm           #####...     1%          6    ######.
i - Invisibility          Hex            ######..     1%          6    ######.
k - Sublimation of Blood  Necr           ######....   0%          2    None
l - Swiftness             Chrm/Air       #####...     0%          2    None
n - Necromutation         Trmt/Necr      ######....   6%          8    #######
o - Orb of Destruction    Conj           #####.....   10%         7    #######
p - Passwall              Trmt/Erth      #####.....   0%          2    None


Dungeon Overview and Level Annotations

Branches:
Dungeon (15/15)            Temple (1/1) D:5            Lair (8/8) D:9
  Swamp (4/4) Lair:3        Snake (4/4) Lair:3        Slime (6/6) Lair:6
    Orc (2/2) D:11            Elf (3/3) Orc:2        Vaults (5/5) D:13
  Crypt (3/3) Vaults:3       Tomb (3/3) Crypt:3      Depths (5/5) D:15
   Hell (1/1)                 Dis (7/7) Hell            Geh (7/7) Hell
    Coc (7/7) Hell            Tar (7/7) Hell            Zot (5/5) Depths:5

Altars:
Ashenzari
Cheibriados
Dithmenos
Elyvilon
Fedhas
Gozag
Kikubaaqudgha
Makhleb
Nemelex Xobeh
Okawaru
Pakellas
Qazlal
Ru
Sif Muna
Trog
Vehumet
Xom
Yredelemnul
Zin
The Shining One
Beogh
Jiyva

Shops:
D:5 %*:*}   D:8 *   Orc:1 (   Orc:2 (:=:(!   Elf:1 *   Vaults:1 *
Vaults:4 [:**

Portals:
Hell: Hell Depths:1 Depths:2 Depths:3 Depths:4 Depths:5
Abyss: Depths:1 Depths:2 Depths:4 Depths:5
Pandemonium: Depths:3

Annotations:
Dis:7 Dispater
Tar:7 Ereshkigal


Message History

You feel more contaminated with magical energies.
This wand has 5 charges left.
Evoke which item? (* to show all) (? for menu, Esc to quit)
Zapping:
D - a wand of digging (20/24)
Press: ? - help, Shift-Dir - straight line The rock shatters into small pieces.
This wand has 19 charges left.
There is a staircase leading out of the dungeon here.
You feel yourself come back to life.
Drink which item? (? for menu, Esc to quit)
Your magical effects are unravelling.
You feel less contaminated with magical energies.
You feel magically purged.
You feel yourself slow down.
Drink which item? (? for menu, Esc to quit)
You feel slightly less contaminated with magical energies.
You feel magically purged.
Drink which item? (? for menu, Esc to quit)
You feel better.
Char dumped successfully.
You have escaped!

#.# #.######... #.# ##.#
######. #######
#.######..###.###..
#.....###...##........##...
#....................##....
#.......#.###......#....###
#....####...####.....####..
#..###.........###'###.....
##.#......@......'.'......⌠
#..###.........###'###.....
#....####...####.....####..
####....#####...###.....###
##.#........##...#......
###....###############.
###### ##


There were no monsters in sight!

Vanquished Creatures
  Antaeus (Coc:7)
  Asmodeus (Geh:7)
  the Royal Jelly (Slime:6)
  Dissolution (Slime:5)
  Mnoleg (Pan)
  the Serpent of Hell (Geh:7)
  19 ancient liches
  10 orbs of fire
  Mennas (Vaults:3)
  A juggernaut (Depths:5)
  15 pandemonium lords
  31 greater mummies
  The ghost of theElss the Gargoyle Barricade, a legendary GrBe of Trog (Slime:4)
  12 shard shrikes
  Vashnia (Snake:3)
  4 curse toes
  A caustic shrike (Depths:2)
  13 Killer Klowns
  Geryon (Hell)
  Nikola (Swamp:2)
  15 golden dragons
  Jory (Crypt:2)
  The ghost of attackplan the Executioner, an adept HOFi of Cheibriados (Vaults:2)
  3 iron giants
  2 profane servitors (Zig:16)
  35 Tzitzimimeh
  2 pearl dragons (Pan)
  10 doom hounds
  22 bone dragons
  3 electric golems
  21 Brimstone Fiends
  A hellephant (Hell)
  15 Hell Sentinels
  35 Ice Fiends
  15 liches
  13 tentacled monstrosities
  22 Orb Guardians
  5 quicksilver dragons
  10 deep elf blademasters
  8 deep elf master archers
  14 tentacled starspawn
  16 titans
  35 acid blobs
  13 death cobs
  25 Executioners
  11 ancient champions
  Frances (Elf:3)
  18 shadow dragons
  The ghost of cedor the Spry, an adept DsSk of Lugonu (D:13)
  9 sphinxes
  Kirke (D:15)
  An eldritch tentacle (Pan)
  14 tengu reavers
  A storm dragon (shapeshifter) (Depths:3)
  15 storm dragons
  8 draconian monks
  14 azure jellies
  26 fire giants
  Donald (Elf:1)
  12 revenants
  The ghost of Galewind the Stormcaller, an adept DECj of Vehumet (Elf:3)
  Wiglaf (Vaults:3)
  9 iron dragons
  14 greater nagas
  The ghost of Britaniac the Warrior, a journeyman DsFi of Okawaru (Snake:2)
  18 vault wardens
  27 frost giants
  22 daevas
  8 draconian scorchers
  10 draconian knights
  A fire giant (shapeshifter) (Zig:12)
  9 ghost moths
  40 balrugs
  A caustic shrike zombie (Depths:4)
  9 deep elf sorcerers
  A ghost moth (shapeshifter) (Vaults:4)
  Aizul (Snake:4)
  6 draconian shifters
  13 warmongers (Pan)
  8 chaos champions (Pan)
  An emperor scorpion (shapeshifter) (Zig:15)
  2 emperor scorpions (Zig:13)
  3 juggernaut zombies
  33 cacodemons
  5 deep elf elementalists
  6 ghouls
  5 draconian zealots
  6 curse skulls
  29 angels
  2 spriggan defenders
  9 draconian annihilators
  38 stone giants
  22 ironheart preservers
  8 draconian callers
  97 reapers
  28 apis (Pan)
  A stone giant (shapeshifter) (Zig:15)
  10 blood saints (Pan)
  31 war gargoyles
  13 ophanim (Pan)
  3 elemental wellsprings
  4 juggernaut skeletons
  21 lorocyprocas
  11 vampire knights
  5 deep elf demonologists
  A caustic shrike skeleton (Depths:4)
  9 corrupters (Pan)
  38 very ugly things
  15 black draconians
  15 salamander stormcallers
  A dire elephant (D:15)
  14 green draconians
  14 deep elf annihilators
  Azrael (D:15)
  6 bennus
  20 red draconians
  9 black suns (Pan)
  20 purple draconians
  43 small abominations
  16 yellow draconians
  2 spark wasps (Depths:3)
  18 eidola
  A spark wasp (shapeshifter) (Zig:15)
  11 white draconians
  33 blizzard demons
  A dire elephant (shapeshifter) (Zig:15)
  10 mottled draconians
  15 deep elf death magi
  31 green deaths
  32 vault guards
  19 ettins
  6 quicksilver dragon zombies
  A minotaur (shapeshifter) (Zig:15)
  6 death oozes
  Josephine (Lair:4)
  23 mummy priests
  20 yaktaur captains
  4 kraken zombies
  23 fire dragons
  4 quicksilver dragon skeletons
  13 deep elf high priests
  15 great orbs of eyes
  13 jiangshi
  Harold (Elf:3)
  35 hydras
  5 entropy weavers
  24 naga warriors
  9 rakshasas
  5 hell beasts
  6 ghost crabs
  10 anacondas
  7 spriggan air magi
  32 ice dragons
  18 monstrous demonspawn (Pan)
  14 ogre magi
  An anaconda (shapeshifter) (Zig:12)
  3 catoblepae (Lair:8)
  6 death knights
  7 alligators
  10 centaur warriors
  33 dancing weapons
  12 hell hogs
  2 merfolk aquamancers (Zig:7)
  15 deep troll shamans
  6 tengu warriors
  21 naga sharpshooters
  14 vampire magi
  6 holy swine (Pan)
  22 death yaks
  8 deep troll earth magi
  7 titan zombies
  An iron giant zombie (Depths:4)
  A shock serpent (shapeshifter) (Depths:4)
  Urug (D:11)
  9 spriggan berserkers
  12 shock serpents
  44 soul eaters
  24 thrashing horrors
  7 storm dragon zombies
  46 deep elf knights
  17 spriggans
  7 iron golems
  8 orc high priests
  91 sun demons
  3 iron giant skeletons
  20 iron trolls
  8 salamander mystics
  11 wretched stars
  5 spatial maelstroms (Abyss:3)
  60 hell knights
  86 large abominations
  A fire crab (shapeshifter) (Elf:3)
  160 skeletal warriors
  A death drake (shapeshifter) (Abyss:3)
  7 titan skeletons
  13 shadow wraiths
  8 wizards
  17 death scarabs
  4 fire crabs
  3 spriggan druids
  9 naga ritualists
  35 deep trolls
  2 ghost moth zombies
  13 swamp dragons
  16 gelid demonspawn (Pan)
  8 golden dragon zombies
  16 flayed ghosts
  16 anaconda zombies
  6 unseen horrors
  4 sea snakes
  10 infernal demonspawn (Pan)
  A giant orange brain (shapeshifter) (Elf:2)
  A swamp dragon (shapeshifter) (Zig:12)
  26 cherubim (Pan)
  4 shambling mangroves
  2 storm dragon skeletons
  13 anubis guards
  2 obsidian statues
  An orange crystal statue (Zot:5)
  21 deep elf archers
  29 shadow demons
  10 torturous demonspawn (Pan)
  21 phantasmal warriors
  Pikel (D:4)
  13 giant orange brains
  A harpy (shapeshifter) (Vaults:1)
  16 putrid demonspawn (Pan)
  37 orc knights
  92 starcursed masses
  8 harpies
  4 hill giants
  12 anaconda skeletons
  A tengu zombie (Depths:1)
  4 wolf spider zombies
  A hornet (shapeshifter) (Vaults:5)
  14 ironbrand convokers
  A sphinx zombie (Depths:1)
  39 necromancers
  5 orb spiders
  13 shadow dragon zombies
  10 frost giant zombies
  A wolf spider (shapeshifter) (Depths:3)
  7 shadow dragon skeletons
  2 golden dragon skeletons (Coc:7)
  36 salamanders
  4 tengu skeletons
  15 shining eyes
  14 wolf spiders
  77 deep elf magi
  60 ugly things
  3 hornets
  6 orc sorcerers
  13 fire giant zombies
  6 oklob plants
  10 griffons
  A manticore (D:15)
  2 sphinx skeletons (Crypt:1)
  12 mana vipers
  A faun (shapeshifter) (Depths:5)
  2 cyclopes
  40 sixfirhies
  8 stone giant skeletons
  An ice statue (Hell)
  6 iron dragon zombies
  42 rust devils
  7 iron dragon skeletons
  31 moths of wrath
  4 worldbinders
  6 stone giant zombies
  4 manticores (shapeshifter)
  2 fire giant skeletons
  2 water nymphs (Zig:7)
  12 guardian serpents
  4 elf zombies
  12 apocalypse crabs
  48 black mambas
  3 catoblepas zombies
  2 shock serpent zombies
  A torpor snail (Zig:10)
  A guardian serpent (shapeshifter) (Vaults:5)
  16 vault sentinels
  74 smoke demons
  25 naga magi
  An eye of devastation (Zig:4)
  43 orange demons
  A gargoyle (D:13)
  9 frost giant skeletons
  4 dire elephant zombies
  9 molten gargoyles
  Joseph (D:7)
  An eye of devastation (shapeshifter) (Depths:3)
  16 spiny frogs
  A spiny frog (shapeshifter) (D:15)
  2 storm dragon simulacra (Coc:7)
  A yaktaur (shapeshifter) (Zig:12)
  42 hellions
  A spriggan skeleton (Zig:11)
  9 komodo dragons
  A spriggan zombie (Depths:1)
  6 dire elephant skeletons
  5 kobold demonologists
  14 efreet
  9 rime drakes
  5 emperor scorpion zombies
  47 freezing wraiths
  A death yak zombie (Crypt:1)
  49 demonic crawlers
  A black draconian skeleton (Geh:7)
  68 tormentors
  42 ice devils
  A minotaur zombie (Tomb:3)
  42 yaktaurs
  2 elf skeletons (Depths:4)
  2 queen bees (shapeshifter)
  2 anaconda simulacra
  A green draconian skeleton (Coc:6)
  15 ancient zymes
  36 guardian mummies
  A jumping spider (shapeshifter) (Zig:15)
  35 hellwings
  2 tengu conjurers
  11 jumping spiders
  2 polar bears
  2 harpy zombies
  58 red devils
  7 giant leeches
  2 merfolk (Zig:7)
  A polar bear (shapeshifter) (Abyss:2)
  A queen bee (Lair:2)
  2 wind drakes (Zig:14)
  6 human skeletons
  10 trolls
  6 silent spectres
  2 wind drakes (shapeshifter)
  37 blink frogs
  A tengu simulacrum (Depths:3)
  9 bog bodies
  2 harpy skeletons
  17 hydra zombies
  3 catoblepas skeletons
  2 wolf spider simulacra
  Prince Ribbit (D:5)
  An iron dragon simulacrum (Depths:3)
  4 snapping turtles (D:9)
  28 raiju
  21 two-headed ogres
  10 hydra skeletons
  7 ettin zombies
  A troll (shapeshifter) (Depths:1)
  A two-headed ogre (shapeshifter) (Abyss:3)
  5 fire giant simulacra
  11 fire dragon zombies
  23 ushabtiu
  2 stone giant simulacra
  7 alligator zombies
  A snapping turtle (shapeshifter) (Zig:2)
  12 boulder beetles
  10 ice dragon zombies
  167 slime creatures
  3 alligator skeletons
  32 shadows
  62 ynoxinuls
  101 flying skulls
  A tarantella (shapeshifter) (Vaults:1)
  6 fire dragon skeletons
  65 yaks
  6 ettin skeletons
  A vampire (Abyss:3)
  A redback (shapeshifter) (Vaults:1)
  5 ice dragon skeletons
  14 redbacks
  10 tarantellas
  5 black mamba zombies
  36 wraiths
  9 air elementals
  A human (D:7)
  13 water elementals
  A black mamba skeleton (Geh:1)
  7 wyverns
  19 fire elementals
  4 basilisks
  2 yaks (shapeshifter)
  A golden eye (shapeshifter) (Vaults:5)
  A human (shapeshifter) (Abyss:3)
  28 neqoxecs
  An emperor scorpion simulacrum (Coc:6)
  7 hippogriffs
  3 hogs
  3 basilisks (shapeshifter)
  10 hungry ghosts
  A yaktaur simulacrum (Depths:1)
  2 steam dragons
  21 swamp worms
  7 spatial vortices
  69 chaos spawn
  30 vampire mosquitoes
  A soldier ant (D:14)
  5 mottled dragons
  14 wargs
  95 nagas
  An infernal demonspawn zombie (Coc:7)
  29 insubstantial wisps
  6 hydra simulacra
  15 spiny frog zombies
  6 giant eyeballs
  43 hell hounds
  A torturous demonspawn skeleton (Crypt:3)
  A gelid demonspawn skeleton (Tar:7)
  17 porcupines
  28 water moccasins
  62 orc warriors
  8 spiny frog skeletons
  A black bear (D:12)
  14 swamp drakes
  20 eyes of draining
  2 fire dragon simulacra
  A manticore zombie (Crypt:3)
  8 sky beasts
  An ettin simulacrum (Abyss:3)
  10 snapping turtle zombies
  A swamp dragon zombie (Dis:7)
  58 ogres
  16 necrophages
  12 phantoms
  26 wasps
  11 ice beasts
  2 ice dragon simulacra
  A blink frog zombie (Crypt:2)
  A boggart (shapeshifter) (Depths:1)
  2 alligator simulacra
  7 boggarts
  3 snapping turtle skeletons
  35 centaurs
  4 swamp dragon skeletons
  3 wolves (Lair:1)
  16 crocodiles
  6 big kobolds
  16 giant frogs
  3 earth elementals
  A gnoll sergeant (D:7)
  11 wyvern skeletons
  A scorpion (D:5)
  2 human simulacra
  An elf simulacrum (Vaults:5)
  A boulder beetle zombie (Crypt:2)
  37 killer bees
  A swamp dragon simulacrum (Coc:7)
  109 wights
  7 howler monkeys
  8 electric eels
  4 quasits
  A lava snake (Lair:5)
  15 crimson imps
  5 human zombies
  4 giant frog zombies
  7 centaur zombies
  46 jellies
  Crazy Yiuf (D:6)
  A giant frog skeleton (D:4)
  34 orc priests
  7 hounds
  32 orc wizards
  7 centaur skeletons
  22 iron imps
  15 iguanas
  A black bear skeleton (Crypt:2)
  9 worker ants
  A lightning spire (Zig:8)
  17 sheep
  6 big kobold zombies (Ossuary)
  2 naga zombies
  An ogre zombie (Tar:3)
  2 ogre skeletons
  2 hound zombies (D:7)
  65 mummies
  A howler monkey zombie (D:7)
  A worker ant zombie (D:11)
  12 adders
  17 gnolls
  A howler monkey skeleton (Crypt:2)
  84 river rats
  13 shadow imps
  16 white imps
  2 ufetubi
  9 oozes
  2 adder zombies
  2 adder skeletons
  7 worms
  A ball lightning (Pan)
  A dart slug (D:1)
  10 giant geckos
  118 orcs
  A bat skeleton (Crypt:2)
  7 giant cockroaches
  2 gnoll zombies (Ossuary)
  7 goblins
  8 hobgoblins
  18 jackals
  5 quokkas
  14 ball pythons
  12 bats
  A giant gecko skeleton (Crypt:1)
  3 giant newts
  2 goblin skeletons (D:8)
  7 hobgoblin zombies
  A jackal zombie (D:5)
  20 kobolds
  6 kobold skeletons
  A kobold zombie (D:8)
  An orc skeleton (D:8)
  6 orc zombies
  A quokka skeleton (D:7)
  A quokka zombie (D:8)
  16 rats
  2 bushes
  A butterfly (Lair:2)
  3 crawling corpses
  6 fire vortices
  13 fungi
  35 plants
  13 starspawn tentacles
  A starspawn tentacle segment (Abyss:3)
  3 tentacles
  2 tentacle segments (Coc:7)
  11 withered plants (Crypt:3)
7118 creatures vanquished.

Vanquished Creatures (collateral kills)
  A seraph (Pan)
  The ghost of jombi the Axe Maniac, a legendary HOFi of Qazlal (Pan)
  A shard shrike (Zig:8)
  2 Killer Klowns
  2 golden dragons
  2 pandemonium lords (Pan)
  2 bone dragons
  An electric golem (Zot:5)
  2 Hell Sentinels (Dis:7)
  2 Brimstone Fiends
  A titan (Tomb:2)
  4 Orb Guardians (Zot:5)
  A deep elf blademaster (Tomb:2)
  An acid blob (Slime:4)
  A quicksilver dragon (Dis:7)
  A storm dragon (Zot:2)
  A revenant (Tomb:2)
  3 fire giants
  2 frost giants
  An iron dragon (Dis:4)
  2 balrugs (Pan)
  2 warmongers (Pan)
  3 cacodemons (Pan)
  An angel (Pan)
  4 reapers
  3 apis (Pan)
  2 ophanim (Pan)
  2 blood saints (Pan)
  An ironheart preserver (Vaults:4)
  2 black suns (Pan)
  A yellow draconian (Zot:2)
  A black draconian (Zot:5)
  3 red draconians
  2 bennus (Tomb:1)
  A lorocyproca (Pan)
  A blizzard demon (Pan)
  An ettin (Depths:3)
  2 fire dragons
  A green death (Pan)
  A yaktaur captain (Vaults:5)
  An entropy weaver (Depths:3)
  2 ice dragons
  A great orb of eyes (Slime:4)
  A catoblepas (shapeshifter) (Zig:12)
  3 monstrous demonspawn (Pan)
  2 centaur warriors
  An ogre mage (Depths:4)
  A thrashing horror (Abyss:3)
  A titan zombie (Coc:7)
  2 deep troll shamans
  A storm dragon zombie (Dis:4)
  A deep troll earth mage (Depths:5)
  2 iron golems (Dis:7)
  2 deep elf knights
  6 sun demons (Pan)
  A wretched star (Abyss:3)
  A skeletal warrior (Dis:6)
  A sea snake (shapeshifter) (Zig:12)
  A death drake (shapeshifter) (Depths:5)
  An iron troll (Depths:3)
  2 shadow demons
  A deep troll (Depths:5)
  A swamp dragon (Zig:14)
  2 death scarabs
  5 infernal demonspawn (Pan)
  A gelid demonspawn (Pan)
  A shadow dragon zombie (Depths:3)
  A putrid demonspawn (Pan)
  A necromancer (Depths:2)
  An orc knight (Vaults:3)
  An anubis guard (Tomb:1)
  A harpy (Vaults:4)
  An iron dragon zombie (Crypt:3)
  A stone giant zombie (Geh:7)
  An orc sorcerer (Vaults:4)
  A shadow dragon skeleton (Depths:3)
  2 ugly things (Depths:1)
  A salamander (Depths:2)
  A frost giant zombie (Dis:2)
  An elephant (shapeshifter) (Depths:5)
  5 sixfirhies (Pan)
  7 rust devils
  An orange demon (Pan)
  5 smoke demons (Pan)
  2 yaktaurs (Vaults:4)
  3 hellions
  2 rime drakes (Zig:14)
  A tormentor (Coc:7)
  5 demonic crawlers (Pan)
  3 efreet (Pan)
  3 hellwings
  3 guardian mummies
  A harpy zombie (Dis:7)
  12 red devils
  A jumping spider (Crypt:3)
  A two-headed ogre (Depths:3)
  A boulder beetle (Vaults:4)
  4 slime creatures
  An alligator zombie (Dis:6)
  2 ushabtiu
  3 flying skulls
  A ynoxinul (Pan)
  An ettin skeleton (Geh:6)
  A wraith (Dis:4)
  A steam dragon (Zig:14)
  A hungry ghost (Coc:7)
  A neqoxec (Pan)
  A spatial vortex (Dis:3)
  2 chaos spawn (Pan)
  A vampire mosquito (Vaults:3)
  2 spiny frog zombies
  A giant eyeball (shapeshifter) (Zig:12)
  A giant eyeball (Depths:5)
  3 hell hounds
  3 swamp drakes (Zig:14)
  A snapping turtle zombie (Abyss:3)
  3 orc warriors (Orc:2)
  A phantom (Dis:3)
  A manticore zombie (Coc:7)
  3 ogres
  A black mamba simulacrum (Crypt:3)
  A spiny frog skeleton (Geh:7)
  A wight (Dis:2)
  A crimson imp (Geh:7)
  A starcursed mass (Abyss:3)
  A jelly (Slime:4)
  2 orc priests (Orc:2)
  3 iron imps
  A sheep (shapeshifter) (Vaults:3)
  3 mummies
  A white imp (Coc:7)
  9 orcs
247 creatures vanquished.

Vanquished Creatures (others)
  Sojobo (Tomb:3)
  A Tzitzimitl (Pan)
  2 titans
  3 eldritch tentacles
  2 tengu reavers
  4 draconian zealots
  A warmonger (Pan)
  A caustic shrike zombie (Zig:11)
  A frost giant (Depths:4)
  A balrug (Pan)
  A draconian scorcher (Zot:2)
  2 deep elf elementalists (Elf:3)
  A draconian annihilator (Pan)
  An ironheart preserver (Vaults:3)
  A stone giant (Vaults:3)
  A deep elf annihilator (Elf:1)
  A blizzard demon (Pan)
  A deep elf knight (Elf:2)
  29 death scarabs
  A spriggan druid (Swamp:4)
  A gelid demonspawn (Pan)
  An infernal demonspawn (Pan)
  An ugly thing (Zig:15)
  A deep elf mage (Vaults:4)
  A tengu skeleton (Zig:11)
  A smoke demon (Pan)
  An ice devil (Zot:5)
  A freezing wraith (Coc:3)
  2 tormentors
  3 hellwings (Pan)
  An efreet (Pan)
  A slime creature (Slime:6)
  11 flying skulls
  A water elemental (Coc:7)
  A ynoxinul (Pan)
  A redback (shapeshifter) (Zig:15)
  A wraith (Abyss:3)
  3 humans (D:15)
  An orc warrior (Orc:2)
  3 small abominations (Abyss:2)
  A centaur (Depths:2)
  A boggart (Vaults:1)
  An ogre (Vaults:4)
  A wight (Geh:2)
  A jelly (Zig:4)
  An iguana (D:4)
  4 mummies (Tomb:2)
  An adder (D:4)
  A shadow imp (Tar:2)
  2 ball lightnings (Pan)
  2 orcs
  3 blocks of ice (Pan)
  281 eldritch tentacle segments
  8 fire vortices
  12 fungi
  7 lost souls
  45 plants
  24 starspawn tentacles
  338 starspawn tentacle segments
  19 tentacles
  167 tentacle segments
  A withered plant (Crypt:3)
1014 creatures vanquished.

Grand Total: 8379 creatures vanquished

Notes
Turn   | Place    | Note
--------------------------------------------------------------
     0 | D:1      | kengeki the Hill Orc Fighter began the quest for the Orb.
     0 | D:1      | Reached XP level 1. HP: 19/19 MP: 1/1
   330 | D:1      | Reached XP level 2. HP: 27/27 MP: 2/2
  1157 | D:2      | Reached XP level 3. HP: 33/33 MP: 3/3
  1363 | D:2      | Found a faded altar to an unknown god.
  1933 | D:3      | Reached skill level 5 in Fighting
  1933 | D:3      | Reached XP level 4. HP: 40/42 MP: 4/4
  2305 | D:3      | Found a glowing drain.
  2325 | Sewer    | Entered a sewer
  2423 | Sewer    | Noticed a big kobold
  2430 | Sewer    | Reached XP level 5. HP: 48/48 MP: 5/5
  2438 | Sewer    | Killed a big kobold
  2438 | Sewer    | Reached skill level 5 in Axes
  2768 | Sewer    | Reached XP level 6. HP: 54/57 MP: 6/6
  3038 | D:3      | Learned a level 2 spell: Repel Missiles
  3041 | D:3      | Learned a level 2 spell: Blink
  3227 | D:3      | Found a glowing silver altar of Zin.
  3465 | D:4      | Noticed a slave
  3465 | D:4      | Noticed a slave
  3466 | D:4      | Noticed Pikel
  3467 | D:4      | Noticed a slave
  3471 | D:4      | Noticed a slave
  3478 | D:4      | Killed Pikel
  3478 | D:4      | Reached XP level 7. HP: 67/69 MP: 7/7
  3478 | D:4      | Reached XP level 8. HP: 73/75 MP: 8/8
  3977 | D:4      | Gained mutation: You are partially covered in icy blue scales (AC +1). [potion of mutation]
  3977 | D:4      | Gained mutation: Your natural rate of healing is unusually fast. [potion of mutation]
  3977 | D:4      | Gained mutation: You tend to lose your temper in combat. [potion of mutation]
  3993 | D:4      | Lost mutation: You tend to lose your temper in combat. [potion of cure mutation]
  4345 | D:5      | Entered Level 5 of the Dungeon
  4347 | D:5      | Found Wukkidayt's Book Shop.
  4419 | D:5      | Found a sparkling altar of Nemelex Xobeh.
  4515 | D:5      | Found Hauloeji's Assorted Antiques.
  4515 | D:5      | Noticed Prince Ribbit
  4543 | D:5      | Killed Prince Ribbit
  4623 | D:5      | Bought a worn copper wand for 104 gold pieces
  4732 | D:5      | Reached skill level 10 in Axes
  4797 | D:5      | Found Hutiunats's Food Emporium.
  4828 | D:5      | Found Nyisaree's General Store.
  4912 | D:5      | Bought a scroll of identify for 30 gold pieces
  4912 | D:5      | Bought a scroll of identify for 30 gold pieces
  4912 | D:5      | Bought a scroll of identify for 30 gold pieces
  5126 | D:5      | Reached skill level 10 in Fighting
  5126 | D:5      | Reached XP level 9. HP: 84/85 MP: 9/9
  5193 | D:5      | Found Zeosas's Gadget Boutique.
  5306 | D:5      | Found a staircase to the Ecumenical Temple.
  5313 | Temple   | Entered the Ecumenical Temple
  5482 | Temple   | Became a worshipper of Warmaster Okawaru
  6041 | D:6      | Found a sand-covered staircase.
  6051 | Ossuary  | Entered an ossuary
  6373 | D:6      | Found a shadowy altar of Dithmenos.
  6376 | D:6      | Found an opulent altar of Gozag.
  6385 | D:6      | Found a shimmering altar of Xom.
  6542 | D:6      | Noticed Crazy Yiuf
  6549 | D:6      | Killed Crazy Yiuf
  6632 | D:7      | Reached * piety under Okawaru
  7000 | D:7      | Reached XP level 10. HP: 97/97 MP: 10/10
  7013 | D:7      | Reached ** piety under Okawaru
  7362 | D:7      | Noticed Joseph
  7383 | D:7      | Killed Joseph
  7945 | D:8      | Found a stormy altar of Qazlal.
  7989 | D:8      | Reached *** piety under Okawaru
  8415 | D:8      | Paralysed by fainting for 9 turns
  8465 | D:8      | Reached **** piety under Okawaru
  8582 | D:8      | Found a glowing golden altar of the Shining One.
  8767 | D:8      | Found Deumot's Assorted Antiques.
  8876 | D:8      | Reached skill level 1 in Invocations
  9044 | D:8      | Found a blossoming altar of Fedhas.
  9115 | D:8      | Found a shimmering altar of Xom.
  9123 | D:8      | Reached skill level 1 in Evocations
  9164 | D:9      | Noticed a kobold demonologist
  9598 | D:9      | Reached XP level 11. HP: 58/107 MP: 12/12
  9888 | D:9      | Found a staircase to the Lair.
 11997 | D:10     | Entered Level 10 of the Dungeon
 12347 | D:5      | Bought a wand of teleportation (5/9) for 405 gold pieces
 12654 | D:10     | Got an amethyst-encrusted ring mail
 12660 | D:10     | Noticed a red ugly thing
 12979 | D:10     | Killed a red ugly thing
 12979 | D:10     | Reached skill level 5 in Invocations
 13171 | D:10     | Identified the +5 ring mail of Nynes {*Drain rCorr Dex+6} (You found it on level 10 of the Dungeon)
 13485 | Lair:1   | Entered Level 1 of the Lair of Beasts
 13729 | Lair:1   | Reached ***** piety under Okawaru
 14171 | Lair:1   | Reached skill level 15 in Axes
 14923 | Lair:2   | Reached XP level 12. HP: 115/118 MP: 17/17
 15197 | Lair:2   | Received a gift from Okawaru
 15198 | Lair:2   | Got a jewelled buckler {god gift}
 15312 | Lair:1   | Identified the -6 buckler of Beha {rF+} (Okawaru gifted it to you on level 2 of the Lair of Beasts)
 15713 | Lair:2   | Reached skill level 15 in Fighting
 16692 | Lair:2   | basilisk
 16777 | Lair:3   | Found a staircase to the Snake Pit.
 16834 | Lair:3   | Found a staircase to the Swamp.
 17730 | Lair:3   | Reached skill level 1 in Dodging
 18368 | Lair:4   | Noticed Josephine
 18385 | Lair:4   | Killed Josephine
 18385 | Lair:4   | Reached skill level 5 in Armour
 18663 | Lair:4   | Reached XP level 13. HP: 121/128 MP: 16/18
 19265 | Lair:4   | Got a jewelled ring mail
 19266 | Lair:4   | Identified the +1 ring mail of Huathrocai {*Drain rN+ Dex+4} (You found it on level 4 of the Lair of Beasts)
 19854 | Lair:5   | Received a gift from Okawaru
 20146 | Lair:5   | Reached skill level 5 in Evocations
 20379 | Lair:5   | Got a polished scale mail
 20498 | Lair:5   | Received a gift from Okawaru
 21950 | Lair:6   | Found a staircase to the Slime Pits.
 22683 | Lair:6   | Reached ****** piety under Okawaru
 23201 | Lair:7   | Received a gift from Okawaru
 23516 | Lair:7   | Reached XP level 14. HP: 104/140 MP: 9/19
 24123 | Lair:8   | Entered Level 8 of the Lair of Beasts
 24736 | Lair:8   | Received a gift from Okawaru
 24753 | Lair:8   | Got a steaming battleaxe {god gift}
 24815 | Lair:7   | Identified the +2 scale mail "Vaafioxa" {rElec Dex+3} (You found it on level 5 of the Lair of Beasts)
 25648 | Lair:8   | Received a gift from Okawaru
 25673 | Lair:8   | Received a gift from Okawaru
 25980 | Lair:8   | Reached XP level 15. HP: 143/152 MP: 18/20
 26188 | Lair:8   | Got a slimy cloak
 27404 | Lair:1   | Identified the +2 cloak of the Journeyman {rPois} (You found it on level 8 of the Lair of Beasts)
 27529 | D:5      | Bought a scroll of identify for 52 gold pieces
 27529 | D:5      | Bought a scroll of enchant armour for 195 gold pieces
 27529 | D:5      | Identified the +4 battleaxe "Siciyw" {flame, MP+9 Int+2 Stlth-} (Okawaru gifted it to you on level 8 of the Lair of Beasts)
 27604 | D:5      | Bought a wand of hasting (4/9) for 480 gold pieces
 28468 | D:11     | Found a staircase to the Orcish Mines.
 28543 | D:11     | Noticed Urug
 28563 | D:11     | Killed Urug
 28656 | D:11     | Received a gift from Okawaru
 28659 | D:11     | Got a spiked hat {god gift}
 28670 | D:11     | Identified the +1 hat of Vuceesyd {rF+ rC+ Dex+4} (Okawaru gifted it to you on level 11 of the Dungeon)
 29295 | D:11     | Reached skill level 1 in Translocations
 29381 | D:12     | Reached skill level 1 in Air Magic
 29532 | D:12     | Reached skill level 1 in Spellcasting
 29968 | D:12     | Reached skill level 1 in Charms
 30776 | D:13     | Found a gate to the Vaults.
 30992 | D:13     | Noticed cedor's ghost (adept DsSk)
 31011 | D:13     | Killed cedor's ghost
 32338 | D:15     | Entered Level 15 of the Dungeon
 32511 | D:15     | Received a gift from Okawaru
 32775 | D:15     | Reached XP level 16. HP: 155/162 MP: 19/21
 33054 | D:15     | Noticed Kirke
 33472 | Snake:1  | Entered Level 1 of the Snake Pit
 34879 | Snake:1  | Noticed an azure jelly
 34896 | Snake:1  | Killed an azure jelly
 34896 | Snake:1  | Received a gift from Okawaru
 34896 | Snake:1  | Reached skill level 5 in Charms
 35646 | Snake:2  | Received a gift from Okawaru
 36481 | Snake:2  | Noticed a greater naga
 36491 | Snake:2  | Killed a greater naga
 36931 | Snake:2  | Reached XP level 17. HP: 161/173 MP: 20/23
 37092 | Snake:2  | Received a gift from Okawaru
 37095 | Snake:2  | Got a smoking broad axe {god gift}
 37330 | Snake:2  | Reached skill level 5 in Air Magic
 37732 | Snake:2  | Reached skill level 5 in Translocations
 38359 | Snake:2  | Noticed Britaniac's ghost (journeyman DsFi)
 38391 | Snake:2  | Killed Britaniac's ghost
 38391 | Snake:2  | Received a gift from Okawaru
 38392 | Snake:2  | Got a crystal battleaxe {god gift}
 38408 | Snake:2  | Identified the +6 broad axe of Okawaru's Condemnation {flame, +Blink} (Okawaru gifted it to you on level 2 of the Snake Pit)
 38411 | Snake:2  | Identified the +5 battleaxe "Efarghawk" {antimagic, Dex+5} (Okawaru gifted it to you on level 2 of the Snake Pit)
 39383 | Snake:3  | Found an opulent altar of Gozag.
 39551 | Snake:3  | Noticed Vashnia
 39614 | Snake:3  | Killed Vashnia
 40214 | Snake:4  | Entered Level 4 of the Snake Pit
 40296 | Snake:4  | Received a gift from Okawaru
 40556 | Snake:4  | Noticed Aizul
 40670 | Snake:4  | Killed Aizul
 40688 | Snake:4  | Reached skill level 5 in Spellcasting
 41017 | Snake:4  | Reached XP level 18. HP: 156/184 MP: 25/25
 41863 | Snake:4  | Received a gift from Okawaru
 42447 | Snake:4  | Reached skill level 10 in Armour
 42561 | Snake:4  | Received a gift from Okawaru
 42709 | Snake:4  | Reached skill level 5 in Dodging
 43373 | Snake:4  | Got a serpentine rune of Zot
 43608 | Snake:4  | Received a gift from Okawaru
 44675 | Swamp:1  | Entered Level 1 of the Swamp
 45476 | Swamp:1  | Reached XP level 19. HP: 195/195 MP: 26/26
 46357 | Swamp:2  | Noticed Nikola
 46709 | Swamp:2  | Killed Nikola
 46709 | Swamp:2  | Received a gift from Okawaru
 46883 | Swamp:1  | Learned a level 1 spell: Apportation
 46886 | Swamp:1  | Learned a level 2 spell: Shroud of Golubria
 47477 | Swamp:4  | Entered Level 4 of the Swamp
 47710 | Swamp:3  | Identified a scroll of acquirement
 47714 | Swamp:3  | Got a pair of blackened gloves
 47715 | Swamp:3  | Identified the +1 pair of gloves of the Three Dances {rElec SInv} (You acquired it on level 3 of the Swamp)
 49210 | Swamp:4  | Received a gift from Okawaru
 49538 | Swamp:4  | Got a decaying rune of Zot
 50517 | D:5      | Bought a book of Necromancy for 300 gold pieces
 50525 | D:5      | Learned a level 3 spell: Regeneration
 50530 | D:5      | Learned a level 4 spell: Animate Dead
 50532 | D:5      | Learned a level 1 spell: Animate Skeleton
 51123 | D:15     | Killed Kirke
 51210 | D:15     | Noticed Azrael
 51220 | D:15     | Killed Azrael
 51220 | D:15     | Reached skill level 1 in Necromancy
 51498 | D:15     | Found a staircase to the Depths.
 52187 | Orc:1    | Entered Level 1 of the Orcish Mines
 52248 | Orc:1    | You fall through a shaft!
 52248 | Orc:2    | Entered Level 2 of the Orcish Mines
 52288 | Orc:1    | Found Iva Wih's Weapon Emporium.
 52554 | Vaults:1 | Entered Level 1 of the Vaults
 52568 | Vaults:1 | Found Juaxiv's Assorted Antiques.
 52578 | Vaults:1 | Bought a wand of disintegration for 124 gold pieces
 52675 | Vaults:1 | Reached XP level 20. HP: 196/206 MP: 24/27
 55030 | Vaults:2 | Got a scintillating granite ring
 55031 | Vaults:2 | Identified the ring "Romumn" {*Contam *Corrode rF+ MR+ MP+9 SInv} (You found it on level 2 of the Vaults)
 55092 | Vaults:1 | Received a gift from Okawaru
 55159 | Vaults:1 | Bought a scroll of identify for 62 gold pieces
 55159 | Vaults:1 | Bought a potion of heal wounds for 155 gold pieces
 55445 | Vaults:2 | Noticed attackplan's ghost (adept HOFi)
 55469 | Vaults:2 | Killed attackplan's ghost
 56058 | Vaults:2 | Reached skill level 10 in Evocations
 56637 | Vaults:2 | Found a portal to a secret trove of treasure.
 56971 | D:5      | Bought a manual of Poison Magic for 1104 gold pieces
 57317 | Vaults:2 | You paid a toll of a manual of Poison Magic to enter a treasure trove
 57318 | Trove    | Entered a treasure trove
 57328 | Trove    | Got a shimmering bone amulet
 57353 | Trove    | Identified the amulet "Uqobous" {Fragile +Rage MR- Int+10 Dex+6} (You found it in a treasure trove)
 57355 | Trove    | Got a pair of scorched boots
 57356 | Trove    | Identified the +2 pair of boots of Spring {-Cast +Blink Regen+ Int+6} (You found it in a treasure trove)
 57992 | Vaults:3 | Reached skill level 5 in Necromancy
 58059 | Vaults:3 | Reached XP level 21. HP: 205/215 MP: 27/29
 58771 | Vaults:3 | Found a staircase to the Crypt.
 58947 | Vaults:3 | Noticed Wiglaf
 58966 | Vaults:3 | Killed Wiglaf
 58976 | Vaults:3 | Received a gift from Okawaru
 59668 | Vaults:3 | Noticed Mennas
 60581 | Vaults:3 | Killed Mennas
 60581 | Vaults:3 | Received a gift from Okawaru
 60581 | Vaults:3 | Reached skill level 15 in Armour
 60597 | Vaults:3 | Got a pitted large shield
 60611 | Vaults:3 | Identified the cursed +0 large shield of the Forest {Dex+5} (You took it off Mennas on level 3 of the Vaults)
 60672 | Vaults:3 | Reached skill level 10 in Necromancy
 61069 | Vaults:4 | Found Hobluitt's Assorted Antiques.
 61105 | Vaults:3 | Reached XP level 22. HP: 146/226 MP: 20/30
 61391 | Vaults:4 | Found Wysoig's General Store.
 61410 | Vaults:4 | Bought a scroll of fog for 42 gold pieces
 61417 | Vaults:4 | Found Okuxzy's Book Shop.
 61624 | Vaults:4 | Found Xuokh's Antique Armour Boutique.
 61903 | Vaults:4 | Received a gift from Okawaru
 62709 | Vaults:4 | Bought a large brass amulet for 200 gold pieces
 63397 | Orc:2    | Found Saxeul Jesi's Weapon Boutique.
 63412 | Orc:2    | Found Leowe's Distillery.
 63425 | Orc:2    | Found a roughly hewn altar of Beogh.
 63490 | Orc:2    | Found a staircase to the Elven Halls.
 63749 | Orc:2    | Bought a potion of curing for 33 gold pieces
 63749 | Orc:2    | Bought a potion of curing for 33 gold pieces
 63749 | Orc:2    | Bought a potion of curing for 33 gold pieces
 63749 | Orc:2    | Bought a potion of curing for 33 gold pieces
 63749 | Orc:2    | Bought a potion of curing for 33 gold pieces
 63749 | Orc:2    | Bought a potion of heal wounds for 55 gold pieces
 63749 | Orc:2    | Bought a potion of berserk rage for 55 gold pieces
 63749 | Orc:2    | Bought 2 potions of agility for 88 gold pieces
 63749 | Orc:2    | Bought a potion of might for 44 gold pieces
 63749 | Orc:2    | Bought a potion of agility for 44 gold pieces
 64014 | Orc:2    | Found Olihebue's Book Shop.
 64014 | Orc:2    | Found Zangapur's Jewellery Shop.
 64015 | Orc:2    | Found Ytwaby's Book Boutique.
 64015 | Orc:2    | Found Mevaytz's Antique Weapon Shop.
 64032 | Orc:2    | Bought an uncursed amulet of rage for 560 gold pieces
 65254 | Depths:1 | Entered Level 1 of the Depths
 65586 | Depths:1 | Reached skill level 10 in Invocations
 65977 | Depths:1 | Reached XP level 23. HP: 234/234 MP: 31/31
 66472 | Depths:1 | Found a one-way gate to the infinite horrors of the Abyss.
 66550 | Depths:1 | Received a gift from Okawaru
 66621 | Depths:1 | Found a gateway to Hell.
 67987 | Depths:2 | Received a gift from Okawaru
 68043 | Depths:2 | Found a gateway to a ziggurat.
 68824 | Depths:1 | Learned a level 2 spell: Sublimation of Blood
 69394 | Depths:2 | Noticed a caustic shrike
 69413 | Depths:2 | Killed a caustic shrike
 70498 | Depths:3 | Reached XP level 24. HP: 215/247 MP: 33/33
 70801 | Depths:3 | Found a one-way gate leading to the halls of Pandemonium.
 70915 | Depths:3 | Received a gift from Okawaru
 70993 | Depths:3 | Got a pitted gold dragon armour {god gift}
 70994 | Depths:3 | Identified the +5 gold dragon armour "Ijapec" {rPois rF+ rC+ Int+4 Dex+3} (Okawaru gifted it to you on level 3 of the Depths)
 72207 | Depths:4 | Reached skill level 27 in Fighting
 72758 | Depths:5 | Entered Level 5 of the Depths
 72865 | Depths:5 | Paralysed by a sphinx for 7 turns
 73912 | Depths:5 | Received a gift from Okawaru
 74135 | Depths:5 | Noticed a juggernaut
 74150 | Depths:5 | Killed a juggernaut
 74150 | Depths:5 | Reached XP level 25. HP: 201/257 MP: 27/33
 75120 | Depths:5 | Found a gate to the Realm of Zot.
 75681 | Vaults:5 | Entered Level 5 of the Vaults
 75692 | Vaults:5 | Received a gift from Okawaru
 75861 | Vaults:5 | Noticed an ancient lich
 75869 | Vaults:5 | Paralysed by an ancient lich for 5 turns
 75880 | Vaults:5 | Killed an ancient lich
 75960 | Vaults:5 | Reached XP level 26. HP: 228/266 MP: 21/33
 76432 | Vaults:5 | Received a gift from Okawaru
 76791 | Vaults:5 | Learned a level 2 spell: Swiftness
 76897 | Vaults:5 | Noticed an ancient lich
 76907 | Vaults:5 | Killed an ancient lich
 76910 | Vaults:5 | Got a steaming lapis lazuli ring
 76911 | Vaults:5 | Identified the ring of Pituar {Int+5 Stlth-} (You took it off a yaktaur captain on level 5 of the Vaults)
 77571 | Vaults:5 | Got a silver rune of Zot
 77969 | Vaults:5 | Got a crystal hand axe {vamp}
 78018 | Vaults:4 | Identified the +9 hand axe "Orc's Death" {vamp, rF+} (You took it off a deep elf mage on level 5 of the Vaults)
 79191 | Hell     | Entered the Vestibule of Hell
 79191 | Hell     | Noticed Geryon
 79224 | Hell     | Killed Geryon
 79224 | Hell     | Received a gift from Okawaru
 79361 | Hell     | Found a gateway to the Iron City of Dis.
 79514 | Hell     | Found a gateway to the ashen valley of Gehenna.
 79745 | Hell     | Found a gateway to the decaying netherworld of Tartarus.
 79763 | Hell     | Reached XP level 27. HP: 256/273 MP: 33/33
 79764 | Hell     | Received a gift from Okawaru
 79782 | Hell     | Got a dazzling battleaxe {god gift}
 79868 | Hell     | Identified the +8 battleaxe of Pypturaw {drain, rElec SInv} (Okawaru gifted it to you in the Vestibule of Hell)
 79895 | Hell     | Found a gateway to the freezing wastes of Cocytus.
 81633 | Elf:1    | Entered Level 1 of the Elven Halls
 81792 | Elf:1    | Found Bitij's Assorted Antiques.
 81805 | Elf:1    | Bought a scroll of fog for 72 gold pieces
 81805 | Elf:1    | Bought a scroll of identify for 72 gold pieces
 81805 | Elf:1    | Bought a scroll of enchant armour for 270 gold pieces
 82117 | Elf:1    | Reached skill level 5 in Shields
 82209 | Elf:1    | Noticed Donald
 82222 | Elf:1    | Killed Donald
 83125 | Elf:2    | Found a runed gate.
 83125 | Elf:2    | Found a runed gate.
 83125 | Elf:2    | Found a runed gate.
 83155 | Elf:2    | Received a gift from Okawaru
 83313 | Elf:2    | Found a deep blue altar of Sif Muna.
 83790 | Elf:2    | Reached skill level 27 in Axes
 84042 | Elf:3    | Entered Level 3 of the Elven Halls
 84042 | Elf:3    | Noticed Frances
 84049 | Elf:3    | Noticed Galewind's ghost (adept DECj)
 84050 | Elf:3    | Noticed Harold
 84057 | Elf:3    | Killed Frances
 84068 | Elf:3    | Killed Galewind's ghost
 84080 | Elf:3    | Killed Harold
 84097 | Elf:3    | Received a gift from Okawaru
 84528 | Elf:3    | Got a steaming demon blade
 84529 | Elf:3    | Identified the cursed +1 demon blade "Kepnoum" {drain, *Rage rF+ rC+ rN+++} (You found it on level 3 of the Elven Halls)
 85212 | Elf:3    | Received a gift from Okawaru
 85316 | Elf:3    | Got a transparent bone amulet
 85317 | Elf:3    | Identified the amulet of Doicyi {Gourm Int+2} (You found it on level 3 of the Elven Halls)
 86133 | Elf:3    | Got a smoking golden amulet
 86206 | Elf:3    | Identified the Grimoire of Freezing Poison
 86544 | Elf:1    | Identified the amulet of Qyilokh {Inacc rElec} (You found it on level 3 of the Elven Halls)
 87577 | Zot:1    | Entered Level 1 of the Realm of Zot
 88636 | Zot:1    | Noticed an orb of fire
 88746 | Zot:1    | Gained mutation: Your spells are a little easier to cast, but a little less powerful. [an orb of fire]
 88766 | Zot:1    | Killed an orb of fire
 88819 | Zot:1    | Reached skill level 10 in Spellcasting
 88953 | Zot:1    | Received a gift from Okawaru
 88953 | Zot:1    | Reached skill level 10 in Dodging
 89778 | Zot:1    | Received a gift from Okawaru
 89806 | Zot:2    | Noticed an orb of fire
 89979 | Zot:2    | Gained mutation: You are clumsy. (Dex -2) [an orb of fire]
 89994 | Zot:2    | Gained mutation: You occasionally shout uncontrollably at your foes. [an orb of fire]
 89996 | Zot:2    | Killed an orb of fire
 90275 | Zot:2    | Received a gift from Okawaru
 91509 | Zot:3    | Received a gift from Okawaru
 93733 | Zot:4    | Received a gift from Okawaru
 93734 | Zot:4    | Got a spiked hat {god gift}
 93746 | Zot:4    | Identified the +2 hat "Gyute" {rF+ MP+9 SInv} (Okawaru gifted it to you on level 4 of the Realm of Zot)
 93880 | Zot:4    | Got a smoking helmet
 93881 | Zot:4    | Identified the +2 helmet "Qown" {MR+} (You found it on level 4 of the Realm of Zot)
 94931 | Zot:5    | Entered Level 5 of the Realm of Zot
 95056 | Zot:5    | Reached skill level 27 in Armour
 95620 | Zot:5    | Reached skill level 15 in Dodging
 95672 | Zot:5    | Noticed an orb of fire
 95764 | Zot:5    | Noticed an orb of fire
 95770 | Zot:5    | Gained mutation: You tend to lose your temper in combat. [an orb of fire]
 95787 | Zot:5    | Killed an orb of fire
 95804 | Zot:5    | Noticed an orb of fire
 95806 | Zot:5    | Gained mutation: You are very clumsy. (Dex -4) [an orb of fire]
 95865 | Zot:5    | Gained mutation: You are weak. (Str -2) [an orb of fire]
 95867 | Zot:5    | Killed an orb of fire
 95871 | Zot:5    | Noticed an ancient lich
 95873 | Zot:5    | Lost mutation: You are very clumsy. (Dex -4) [potion of cure mutation]
 95873 | Zot:5    | Lost mutation: You are partially covered in icy blue scales (AC +1). [potion of cure mutation]
 95873 | Zot:5    | Lost mutation: You tend to lose your temper in combat. [potion of cure mutation]
 95873 | Zot:5    | Lost mutation: You are weak. (Str -2) [potion of cure mutation]
 95873 | Zot:5    | Lost mutation: You occasionally shout uncontrollably at your foes. [potion of cure mutation]
 95886 | Zot:5    | Noticed an orb of fire
 95887 | Zot:5    | Killed an ancient lich
 95897 | Zot:5    | Gained mutation: You are very clumsy. (Dex -4) [an orb of fire]
 95901 | Zot:5    | Killed an orb of fire
 95904 | Zot:5    | Noticed an ancient lich
 95917 | Zot:5    | Killed an ancient lich
 95965 | Zot:5    | Noticed an ancient lich
 95989 | Zot:5    | Killed an ancient lich
 95989 | Zot:5    | Received a gift from Okawaru
 96110 | Zot:5    | Noticed an orb of fire
 96126 | Zot:5    | Killed an orb of fire
 96139 | Zot:5    | Noticed an ancient lich
 96164 | Zot:5    | Killed an ancient lich
 96164 | Zot:5    | Reached skill level 10 in Charms
 96220 | Zot:5    | Noticed an ancient lich
 96231 | Zot:5    | Killed an ancient lich
 96267 | Zot:5    | Noticed an orb of fire
 96278 | Zot:5    | Gained mutation: You are robust (+10% HP). [an orb of fire]
 96293 | Zot:5    | Gained mutation: Scrolls take you a little longer to read. [an orb of fire]
 96300 | Zot:5    | Killed an orb of fire
 96373 | Zot:5    | Noticed an ancient lich
 96386 | Zot:5    | Received a gift from Okawaru
 96387 | Zot:5    | Killed an ancient lich
 96614 | Zot:5    | Received a gift from Okawaru
 96645 | Zot:5    | Noticed an orb of fire
 96661 | Zot:5    | Killed an orb of fire
 96835 | Zot:5    | Noticed an orb of fire
 96850 | Zot:5    | Killed an orb of fire
 97038 | Zot:5    | Gained mutation: You are weak. (Str -2) [an orb of fire]
 97038 | Zot:5    | Gained mutation: You are very weak. (Str -4) [an orb of fire]
 97050 | Zot:5    | Killed an orb of fire
 97739 | Crypt:1  | Entered Level 1 of the Crypt
 97839 | Crypt:1  | Received a gift from Okawaru
 97868 | Crypt:1  | Got a pair of brightly glowing gloves {god gift}
 97876 | Crypt:1  | Identified the -1 pair of gloves "Xuty" {rF- MP+9 Str+4} (Okawaru gifted it to you on level 1 of the Crypt)
 98319 | Crypt:1  | Lost mutation: You are very clumsy. (Dex -4) [potion of cure mutation]
 98319 | Crypt:1  | Lost mutation: Scrolls take you a little longer to read. [potion of cure mutation]
 98319 | Crypt:1  | Lost mutation: Your spells are a little easier to cast, but a little less powerful. [potion of cure mutation]
 98320 | Crypt:1  | Lost mutation: You are very weak. (Str -4) [potion of cure mutation]
 98320 | Crypt:1  | Lost mutation: You are clumsy. (Dex -2) [potion of cure mutation]
 98320 | Crypt:1  | Lost mutation: Your natural rate of healing is unusually fast. [potion of cure mutation]
 98320 | Crypt:1  | Lost mutation: You are robust (+10% HP). [potion of cure mutation]
 98320 | Crypt:1  | Lost mutation: You are weak. (Str -2) [potion of cure mutation]
 98580 | Crypt:3  | Entered Level 3 of the Crypt
 98853 | Crypt:2  | Noticed Jory
 98885 | Crypt:2  | Killed Jory
100839 | Crypt:3  | Got a clouded jade ring
100840 | Crypt:3  | Identified the ring "Leogis" {rF+++ rC+ Str-2 Dex-3 Stlth+} (You found it on level 3 of the Crypt)
101319 | Crypt:3  | Reached skill level 15 in Invocations
101337 | Crypt:3  | Received a gift from Okawaru
101345 | Crypt:3  | Identified a +0 rod of ignition (12/12) (You took it off a necromancer on level 3 of the Crypt)
101440 | Crypt:3  | Found an ancient bone altar of Kikubaaqudgha.
101579 | Crypt:3  | Noticed an ancient lich
101606 | Crypt:3  | Killed an ancient lich
101626 | Crypt:3  | Identified the Compendium of Toxins and Stones
101630 | Crypt:3  | Learned a level 2 spell: Passwall
101647 | Crypt:3  | Identified a +4 rod of shadows (4/9) (You took it off a deep elf death mage on level 3 of the Crypt)
101715 | Crypt:3  | Got a fine broad axe
101716 | Crypt:3  | Identified the +8 broad axe of Wrongful Imprisonment {pain, +Inv Int+4} (You found it on level 3 of the Crypt)
101779 | Crypt:3  | Reached skill level 1 in Earth Magic
101898 | Crypt:3  | Reached skill level 1 in Transmutations
101906 | Crypt:3  | Found a staircase to the Tomb.
102740 | Crypt:1  | Learned a level 6 spell: Haste
102747 | Crypt:1  | Learned a level 6 spell: Deflect Missiles
102753 | Crypt:1  | Learned a level 5 spell: Silence
103290 | D:5      | Bought a scroll of magic mapping for 91 gold pieces
103290 | D:5      | Bought a potion of curing for 78 gold pieces
103365 | D:5      | Bought a book of the Sky for 650 gold pieces
103370 | D:5      | Learned a level 4 spell: Airstrike
103510 | D:8      | Bought a potion of cure mutation for 500 gold pieces
103510 | D:8      | Bought a potion of curing for 60 gold pieces
103618 | Orc:2    | Bought a potion of haste for 110 gold pieces
103694 | Orc:2    | Bought a book of Burglary for 975 gold pieces
103703 | Orc:2    | Learned a level 5 spell: Lee's Rapid Deconstruction
103780 | Elf:1    | Bought a scroll of recharging for 342 gold pieces
103958 | Vaults:1 | Bought a fan of gales for 1240 gold pieces
103960 | Vaults:1 | Bought a pair of runed gloves for 139 gold pieces
104972 | Slime:1  | Entered Level 1 of the Pits of Slime
105013 | Slime:1  | Reached skill level 1 in Hexes
105051 | Slime:1  | Gained mutation: You are clumsy. (Dex -2) [a shining eye]
105053 | Slime:1  | Gained mutation: You regenerate slowly when monsters are visible. [a shining eye]
105512 | Slime:2  | Gained mutation: You tend to lose your temper in combat. [a shining eye]
105556 | Slime:2  | Gained mutation: Your spells are a little easier to cast, but a little less powerful. [a shining eye]
105558 | Slime:2  | Gained mutation: Your magical capacity is low (-10% MP). [a shining eye]
105613 | Slime:2  | Found a viscous altar of Jiyva.
106339 | Slime:3  | Received a gift from Okawaru
106419 | Slime:3  | Reached skill level 10 in Air Magic
106501 | Slime:4  | Noticed theElss's ghost (legendary GrBe)
106580 | Slime:3  | Received a gift from Okawaru
106865 | Slime:3  | Gained mutation: You often lose your temper in combat. [a shining eye]
106867 | Slime:3  | Gained mutation: You evolve. [a shining eye]
106868 | Slime:3  | Gained mutation: Scrolls take you a little longer to read. [a shining eye]
107142 | Slime:3  | Lost mutation: You are clumsy. (Dex -2) [evolution]
107329 | Slime:5  | Received a gift from Okawaru
107600 | Slime:3  | Reached skill level 5 in Hexes
107761 | Slime:3  | Lost mutation: Your magical capacity is low (-10% MP). [potion of cure mutation]
107761 | Slime:3  | Lost mutation: You regenerate slowly when monsters are visible. [potion of cure mutation]
107761 | Slime:3  | Lost mutation: Your spells are a little easier to cast, but a little less powerful. [potion of cure mutation]
107761 | Slime:3  | Lost mutation: You often lose your temper in combat. [potion of cure mutation]
107762 | Slime:3  | Lost mutation: Scrolls take you a little longer to read. [potion of cure mutation]
107762 | Slime:3  | Lost mutation: You tend to lose your temper in combat. [potion of cure mutation]
107762 | Slime:3  | Lost mutation: You evolve. [potion of cure mutation]
107855 | Slime:4  | Gained mutation: You are occasionally teleported next to monsters. [a shining eye]
107867 | Slime:4  | Killed theElss's ghost
107867 | Slime:4  | Reached skill level 5 in Earth Magic
108529 | Slime:5  | Got a pair of warped gloves {god gift}
108530 | Slime:5  | Identified the +0 pair of gloves of Leaves {-Tele rF- rN++ Int+3} (Okawaru gifted it to you on level 5 of the Pits of Slime)
109431 | Slime:6  | Entered Level 6 of the Pits of Slime
109544 | Slime:6  | Noticed Dissolution
109714 | Slime:6  | Noticed the Royal Jelly
109796 | Slime:6  | Paralysed by a giant eyeball for 3 turns
109808 | Slime:5  | Killed Dissolution
109880 | Slime:6  | Reached skill level 5 in Transmutations
109975 | Slime:6  | Gained mutation: You regenerate slowly when monsters are visible. [a shining eye]
109977 | Slime:6  | Gained mutation: You have supernaturally acute eyesight. [a shining eye]
109980 | Slime:6  | Gained mutation: Your spells are a little easier to cast, but a little less powerful. [a shining eye]
109983 | Slime:6  | Gained mutation: Your spells are easier to cast, but less powerful. [a shining eye]
110080 | Slime:6  | Killed the Royal Jelly
110224 | Slime:6  | Gained mutation: You expend magic power (3 MP) to strengthen your wands. [a shining eye]
110322 | Slime:6  | Got a slimy rune of Zot
110423 | Slime:6  | Identified Mexaeter's Compendium of Lucky Bewitchment
112496 | Tomb:1   | Entered Level 1 of the Tomb of the Ancients
112969 | Depths:1 | Voluntarily entered the Abyss.
113190 | Abyss:1  | Received a gift from Okawaru
113191 | Abyss:1  | Got an ebony battleaxe {god gift}
113193 | Abyss:1  | Identified the +7 battleaxe "Teonam" {speed, rF+ MP+9 Str+8 Stlth-} (Okawaru gifted it to you on level 1 of the Abyss)
113453 | Abyss:2  | Found a corrupted altar of Lugonu.
113958 | Abyss:3  | Found a corrupted altar of Lugonu.
114304 | Abyss:3  | Gained mutation: You tend to lose your temper in combat. [a neqoxec]
114304 | Abyss:3  | Gained mutation: You are clumsy. (Dex -2) [a neqoxec]
114432 | Abyss:3  | Gained mutation: You are weak. (Str -2) [mutagenic glow]
114490 | Abyss:3  | Gained mutation: You are dopey. (Int -2) [mutagenic glow]
114840 | Abyss:3  | Found a corrupted altar of Lugonu.
114841 | Abyss:3  | Noticed an ancient lich
114846 | Abyss:3  | Killed an ancient lich
114991 | Abyss:3  | Gained mutation: You are very clumsy. (Dex -4) [a neqoxec]
115097 | Abyss:3  | Paralysed by accursed screaming for 1 turns
115236 | Abyss:3  | Reached skill level 10 in Hexes
115308 | Abyss:3  | Gained mutation: Your magical capacity is low (-10% MP). [a neqoxec]
115607 | Abyss:3  | Received a gift from Okawaru
115621 | Abyss:3  | Got a twisted hat {god gift}
115622 | Abyss:3  | Identified the +1 hat of Satisfaction {rF+ rC- rN+} (Okawaru gifted it to you on level 3 of the Abyss)
115697 | Abyss:3  | Reached skill level 10 in Earth Magic
115887 | Abyss:3  | Paralysed by accursed screaming for 1 turns
115965 | Abyss:3  | Gained mutation: Your magical capacity is very low (-20% MP). [mutagenic glow]
116481 | Abyss:3  | Identified Sif Muna's Almanac of Dusty Augmentations (You found it on level 3 of the Abyss)
116574 | Abyss:3  | Got an abyssal rune of Zot
116809 | Depths:1 | Escaped the Abyss
116957 | Hell     | Learned a level 6 spell: Invisibility
117338 | Crypt:3  | Fell from the grace of Okawaru
117338 | Crypt:3  | Became a worshipper of Kikubaaqudgha
117696 | Zig:1    | Entered Level 1 of a ziggurat
117725 | Zig:2    | Entered Level 2 of a ziggurat
117760 | Zig:2    | Lost mutation: You regenerate slowly when monsters are visible. [potion of cure mutation]
117760 | Zig:2    | Lost mutation: You are very clumsy. (Dex -4) [potion of cure mutation]
117760 | Zig:2    | Lost mutation: You tend to lose your temper in combat. [potion of cure mutation]
117760 | Zig:2    | Lost mutation: You are occasionally teleported next to monsters. [potion of cure mutation]
117761 | Zig:2    | Lost mutation: You are dopey. (Int -2) [potion of cure mutation]
117761 | Zig:2    | Lost mutation: Your magical capacity is very low (-20% MP). [potion of cure mutation]
117761 | Zig:2    | Lost mutation: Your magical capacity is low (-10% MP). [potion of cure mutation]
117761 | Zig:2    | Lost mutation: You expend magic power (3 MP) to strengthen your wands. [potion of cure mutation]
117761 | Zig:2    | Lost mutation: Your spells are easier to cast, but less powerful. [potion of cure mutation]
117761 | Zig:2    | Lost mutation: You are clumsy. (Dex -2) [potion of cure mutation]
117764 | Zig:3    | Entered Level 3 of a ziggurat
117800 | Zig:4    | Entered Level 4 of a ziggurat
117842 | Zig:5    | Entered Level 5 of a ziggurat
117902 | Zig:6    | Entered Level 6 of a ziggurat
117916 | Zig:6    | Reached * piety under Kikubaaqudgha
117916 | Zig:6    | Received a gift from Kikubaaqudgha
117935 | Zig:6    | Identified Kikubaaqudgha's Catalogue of Sinister Secrets (Kikubaaqudgha gifted it to you on level 6 of a ziggurat)
118026 | Zig:7    | Entered Level 7 of a ziggurat
118096 | Zig:7    | Gained mutation: Your skin changes colour to match your surroundings (Stealth). [potion of beneficial mutation]
118172 | Zig:8    | Entered Level 8 of a ziggurat
118287 | Zig:8    | Identified the Tome of the Voyage
118290 | Zig:8    | Got a glittering lapis lazuli ring
118309 | Zig:8    | Identified the ring "Asmoyg" {SustAt rN++} (You found it on level 8 of a ziggurat)
118407 | Zig:9    | Entered Level 9 of a ziggurat
118448 | Zig:9    | Reached ** piety under Kikubaaqudgha
118503 | Zig:10   | Entered Level 10 of a ziggurat
118935 | Zig:11   | Entered Level 11 of a ziggurat
118980 | Zig:11   | Gained mutation: You are frail (-10% HP). [mutagenic glow]
118988 | Zig:11   | Lost mutation: Your spells are a little easier to cast, but a little less powerful. [potion of cure mutation]
118988 | Zig:11   | Lost mutation: You are frail (-10% HP). [potion of cure mutation]
118988 | Zig:11   | Lost mutation: You are weak. (Str -2) [potion of cure mutation]
118997 | Zig:11   | Got a vibrating ruby amulet
119014 | Zig:11   | Gained mutation: You are frail (-10% HP). [mutagenic glow]
119021 | Zig:11   | Identified the amulet of Pisut {Dismiss +Inv Int+6} (You found it on level 11 of a ziggurat)
119178 | Zig:12   | Entered Level 12 of a ziggurat
119224 | Zig:12   | Noticed Pamur the pandemonium lord
119225 | Zig:12   | Noticed Urass the pandemonium lord
119252 | Zig:12   | Killed Pamur the pandemonium lord
119261 | Zig:12   | Killed Urass the pandemonium lord
119282 | Zig:12   | Gained mutation: You tend to lose your temper in combat. [mutagenic glow]
119305 | Zig:12   | Identified the Reference Book on the Venomous Volcanoes
119457 | Zig:12   | Identified Itwois's Incunabulum of Captivating Arcane Weapons
119483 | Zig:13   | Entered Level 13 of a ziggurat
119516 | Zig:13   | Reached *** piety under Kikubaaqudgha
119516 | Zig:13   | Received a gift from Kikubaaqudgha
119541 | Zig:13   | Identified Kikubaaqudgha's Incunabulum of Stolen Souls (Kikubaaqudgha gifted it to you on level 13 of a ziggurat)
119779 | Zig:13   | Got a spiked storm dragon armour
119795 | Zig:13   | Identified the +8 storm dragon armour of Edenoig {rElec MR+ Regen+ Str+2 Dex+3} (You found it on level 13 of a ziggurat)
119819 | Zig:13   | Lost mutation: You tend to lose your temper in combat. [potion of cure mutation]
119819 | Zig:13   | Lost mutation: You are frail (-10% HP). [potion of cure mutation]
119819 | Zig:13   | Lost mutation: Your skin changes colour to match your surroundings (Stealth). [potion of cure mutation]
119820 | Zig:13   | Gained mutation: You are agile. (Dex +2) [potion of beneficial mutation]
119845 | Zig:14   | Entered Level 14 of a ziggurat
119893 | Zig:14   | Reached **** piety under Kikubaaqudgha
120233 | Zig:14   | Identified Aqemogaju's Guide on Helpful Creation (You found it on level 14 of a ziggurat)
120252 | Zig:14   | Identified Fuprammi's Almanac of the Rocks and Evil (You found it on level 14 of a ziggurat)
120259 | Zig:14   | Learned a level 1 spell: Summon Butterflies
120326 | Zig:15   | Entered Level 15 of a ziggurat
120344 | Zig:15   | Noticed Weobixzi the pandemonium lord
120347 | Zig:15   | Noticed Onawaypn the pandemonium lord
120366 | Zig:15   | Reached skill level 1 in Summonings
120368 | Zig:15   | Gained mutation: You tend to lose your temper in combat. [mutagenic glow]
120376 | Zig:15   | Killed Weobixzi the pandemonium lord
120395 | Zig:15   | Reached skill level 15 in Hexes
120396 | Zig:15   | Killed Onawaypn the pandemonium lord
120396 | Zig:15   | Reached skill level 15 in Charms
120409 | Zig:15   | Lost mutation: You have supernaturally acute eyesight. [mutagenic glow]
120409 | Zig:15   | Gained mutation: Scrolls take you a little longer to read. [mutagenic glow]
120445 | Zig:15   | Gained mutation: Armour fits poorly on your strangely shaped body. [mutagenic glow]
120497 | Zig:15   | Got a pair of warped gloves
120513 | Zig:15   | Identified the +0 pair of gloves "Teydiemm" {rF+ Dex+3} (You found it on level 15 of a ziggurat)
120649 | Zig:16   | Entered Level 16 of a ziggurat
120664 | Zig:16   | Noticed an ancient lich
120664 | Zig:16   | Noticed an ancient lich
120670 | Zig:16   | Killed an ancient lich
120674 | Zig:16   | Killed an ancient lich
120674 | Zig:16   | Reached skill level 5 in Summonings
120741 | Zig:16   | Identified Refoturgh's Lost Tome of the Blind Seer (You found it on level 16 of a ziggurat)
120743 | Zig:16   | Got a warped helmet
120755 | Zig:16   | Identified the +2 helmet "Yduuho" {rPois Regen+ Str+7} (You found it on level 16 of a ziggurat)
120883 | Hell     | Lost mutation: You tend to lose your temper in combat. [potion of cure mutation]
120883 | Hell     | Lost mutation: Armour fits poorly on your strangely shaped body. [potion of cure mutation]
120883 | Hell     | Lost mutation: Scrolls take you a little longer to read. [potion of cure mutation]
120883 | Hell     | Lost mutation: You are agile. (Dex +2) [potion of cure mutation]
122924 | Tomb:1   | Noticed a greater mummy
122935 | Tomb:1   | Killed a greater mummy
123203 | Tomb:1   | Noticed a greater mummy
123216 | Tomb:1   | Killed a greater mummy
123656 | Tomb:2   | Noticed an ancient lich
123657 | Tomb:2   | Noticed a greater mummy
123658 | Tomb:2   | Noticed a greater mummy
123659 | Tomb:2   | Noticed a greater mummy
124036 | Tomb:1   | Killed a greater mummy
124040 | Tomb:1   | Killed a greater mummy
124046 | Tomb:1   | Killed a greater mummy
124303 | Tomb:2   | Killed an ancient lich
124726 | Tomb:2   | Was forgiven by Okawaru
125077 | Tomb:1   | Noticed a greater mummy
125085 | Tomb:1   | Noticed a greater mummy
125090 | Tomb:1   | Killed a greater mummy
125101 | Tomb:1   | Killed a greater mummy
125145 | Tomb:1   | Noticed a greater mummy
125157 | Tomb:1   | Killed a greater mummy
125190 | Tomb:1   | Noticed a greater mummy
125197 | Tomb:1   | Noticed a greater mummy
125202 | Tomb:1   | Killed a greater mummy
125211 | Tomb:1   | Killed a greater mummy
125372 | Tomb:1   | Noticed a greater mummy
125375 | Tomb:1   | Noticed a greater mummy
125377 | Tomb:1   | Noticed a greater mummy
125379 | Tomb:1   | Noticed a greater mummy
125380 | Tomb:1   | Noticed a greater mummy
125528 | Tomb:1   | Noticed a greater mummy
125538 | Tomb:1   | Killed a greater mummy
125549 | Tomb:1   | Noticed a greater mummy
125554 | Tomb:1   | Killed a greater mummy
125567 | Tomb:1   | Noticed a greater mummy
125569 | Tomb:1   | Killed a greater mummy
125574 | Tomb:1   | Killed a greater mummy
125609 | Tomb:1   | Killed a greater mummy
125683 | Tomb:1   | Killed a greater mummy
125739 | Tomb:1   | Killed a greater mummy
125739 | Tomb:1   | Reached skill level 15 in Air Magic
125843 | Tomb:1   | Noticed a greater mummy
125858 | Tomb:1   | Killed a greater mummy
125935 | Tomb:1   | Noticed a greater mummy
125937 | Tomb:1   | Noticed a greater mummy
125944 | Tomb:1   | Killed a greater mummy
125952 | Tomb:1   | Killed a greater mummy
126179 | Tomb:1   | Noticed a greater mummy
126193 | Tomb:1   | Killed a greater mummy
126294 | Tomb:1   | Killed a greater mummy
126320 | Tomb:1   | Noticed a greater mummy
126332 | Tomb:1   | Killed a greater mummy
126551 | Tomb:3   | Entered Level 3 of the Tomb of the Ancients
126559 | Tomb:3   | Noticed Sojobo
126575 | Tomb:3   | Noticed a greater mummy
126575 | Tomb:3   | Killed Sojobo
126586 | Tomb:3   | Noticed an ancient lich
126593 | Tomb:3   | Noticed a greater mummy
126595 | Tomb:3   | Noticed a greater mummy
126600 | Tomb:3   | Killed a greater mummy
126893 | Tomb:3   | Killed an ancient lich
127204 | Tomb:2   | Killed a greater mummy
127430 | Tomb:2   | Cast into level 5 of the Abyss (the power of Zot)
127430 | Abyss:5  | Entered Level 5 of the Abyss
127430 | Abyss:5  | Found a corrupted altar of Lugonu.
127526 | Tomb:2   | Escaped the Abyss
127536 | Tomb:2   | Killed a greater mummy
127757 | Tomb:3   | Noticed a greater mummy
127789 | Tomb:3   | Killed a greater mummy
128009 | Tomb:3   | Noticed a greater mummy
128018 | Tomb:3   | Noticed a greater mummy
128125 | Tomb:3   | Killed a greater mummy
128226 | Tomb:3   | Killed a greater mummy
128226 | Tomb:3   | Reached skill level 15 in Earth Magic
128295 | Tomb:3   | Noticed a greater mummy
128349 | Tomb:3   | Killed a greater mummy
128535 | Tomb:3   | Noticed a greater mummy
128547 | Tomb:3   | Killed a greater mummy
128547 | Tomb:3   | Reached skill level 15 in Necromancy
128751 | Tomb:3   | Got a golden rune of Zot
128870 | Tomb:3   | Got a fine shield
128871 | Tomb:3   | Identified the +0 shield of the Stallion {SInv} (You found it on level 3 of the Tomb of the Ancients)
128876 | Tomb:3   | Got a polished plate armour
128877 | Tomb:3   | Identified the +1 plate armour "Nebi Yqa" {rPois rC- rN+++ Str+4} (You found it on level 3 of the Tomb of the Ancients)
129164 | Tomb:3   | Got a scorched cloak
129165 | Tomb:3   | Identified the +2 cloak of Subjectivity {*Contam +Fly rElec SInv} (You found it on level 3 of the Tomb of the Ancients)
130198 | Tar:1    | Entered Level 1 of Tartarus
132211 | Tar:5    | Reached ***** piety under Kikubaaqudgha
132511 | Tar:7    | Entered Level 7 of Tartarus
132578 | Tar:7    | Got a twitching tin ring
132610 | Tar:7    | Identified the ring "Dohul" {rPois rF++ rN+ Int-5 Dex-4} (You found it on level 7 of Tartarus)
132816 | Tar:7    | Reached skill level 10 in Summonings
132829 | Tar:7    | Got a fine golden ring
132832 | Tar:7    | Identified the ring of Kesec {Str+2 Int+4} (You found it on level 7 of Tartarus)
132839 | Tar:7    | Identified the Guide on Scorching Stones
133093 | Tar:7    | Gained mutation: You are frail (-10% HP). [mutagenic glow]
133157 | Tar:7    | Gained mutation: You occasionally shout uncontrollably at your foes. [mutagenic glow]
133192 | Tar:7    | Noticed an ancient lich
133196 | Tar:7    | Gained mutation: Your body sometimes deteriorates upon taking damage. [mutagenic glow]
133201 | Tar:7    | Killed an ancient lich
133211 | Tar:7    | Got a coiled turquoise ring
133213 | Tar:7    | Identified the ring "Dirriwku" {Wiz rC- Str+8 Int+3 Dex+3} (You found it on level 7 of Tartarus)
133304 | Tar:7    | Noticed an ancient lich
133307 | Tar:7    | Killed an ancient lich
133474 | Tar:7    | Noticed an ancient lich
133482 | Tar:7    | Killed an ancient lich
133603 | Tar:7    | Gained mutation: Scrolls take you a little longer to read. [a neqoxec]
134030 | Tar:7    | Noticed an ancient lich
134039 | Tar:7    | Killed an ancient lich
134055 | Tar:7    | Noticed an ancient lich
134055 | Tar:7    | Noticed Ereshkigal
134400 | Tar:7    | Killed an ancient lich
134419 | Tar:7    | Got a bone rune of Zot
134584 | Geh:1    | Entered Level 1 of Gehenna
135049 | Geh:3    | Reached ****** piety under Kikubaaqudgha
135799 | Geh:7    | Entered Level 7 of Gehenna
136713 | Geh:7    | Noticed the Serpent of Hell
136749 | Geh:7    | Killed the Serpent of Hell
137305 | Geh:7    | Noticed Asmodeus
137336 | Geh:7    | Killed Asmodeus
137359 | Geh:7    | Got an obsidian rune of Zot
137383 | Geh:7    | Got a slimy helmet
137386 | Geh:7    | Got a shimmering battleaxe
137515 | Hell     | Identified the +1 helmet of the Orcish Mines {MR- Dex+8 Slay+6} (You found it on level 7 of Gehenna)
137529 | Hell     | Identified the +8 battleaxe of Peleza {drain, +Fly} (You found it on level 7 of Gehenna)
137839 | Orc:2    | Bought an uncursed ring of protection from cold for 350 gold pieces
138128 | Dis:1    | Entered Level 1 of the Iron City of Dis
139617 | Dis:7    | Entered Level 7 of the Iron City of Dis
141447 | Dis:7    | Reached skill level 10 in Transmutations
141849 | Dis:7    | Got a bound silver ring
141851 | Dis:7    | Identified the ring of Pidot {rC+++ MR- EV+3 Str+4 SInv} (You found it on level 7 of the Iron City of Dis)
142023 | Dis:7    | Got a coiled granite ring
142025 | Dis:7    | Got a pitted brass ring
142029 | Dis:7    | Identified the ring "Acugunyeni" {rN+ Stlth+} (You found it on level 7 of the Iron City of Dis)
142032 | Dis:7    | Identified the ring "Foibb" {-Tele rC+ Str+9 Int+4} (You found it on level 7 of the Iron City of Dis)
142115 | Dis:7    | Got a faintly glowing helmet
142128 | Dis:7    | Identified the +2 helmet of Terror {+Blink Regen+ Str+3} (You found it on level 7 of the Iron City of Dis)
142327 | Dis:7    | Noticed Dispater
142730 | Dis:7    | Got an iron rune of Zot
142911 | Coc:1    | Entered Level 1 of Cocytus
144487 | Coc:7    | Entered Level 7 of Cocytus
145761 | Coc:7    | Noticed Antaeus
145846 | Coc:7    | Killed Antaeus
145881 | Coc:7    | Got an icy rune of Zot
145938 | Coc:7    | Identified the Catalogue of Calling and Enchantment (You found it on level 7 of Cocytus)
145950 | Coc:7    | Identified a +2 pair of boots of running (You found it on level 7 of Cocytus)
146289 | Hell     | Learned a level 8 spell: Necromutation
146468 | Pan      | Entered Pandemonium
146808 | Pan      | Found an exit through the horrors of the Abyss.
146983 | Pan      | Noticed Dacesh the pandemonium lord
146999 | Pan      | Killed Dacesh the pandemonium lord
147154 | Pan      | Gained mutation: You are dopey. (Int -2) [mutagenic glow]
147216 | Pan      | Gained mutation: You tend to lose your temper in combat. [mutagenic glow]
147285 | Pan      | Lost mutation: You tend to lose your temper in combat. [potion of cure mutation]
147285 | Pan      | Lost mutation: Scrolls take you a little longer to read. [potion of cure mutation]
147285 | Pan      | Lost mutation: You are dopey. (Int -2) [potion of cure mutation]
147285 | Pan      | Lost mutation: You are frail (-10% HP). [potion of cure mutation]
147285 | Pan      | Lost mutation: You occasionally shout uncontrollably at your foes. [potion of cure mutation]
147285 | Pan      | Lost mutation: Your body sometimes deteriorates upon taking damage. [potion of cure mutation]
147414 | Pan      | Noticed Faaj the pandemonium lord
147432 | Pan      | Killed Faaj the pandemonium lord
147449 | Pan      | Noticed jombi's ghost (legendary HOFi)
147458 | Pan      | Reached skill level 15 in Transmutations
147527 | Pan      | Killed jombi's ghost
147563 | Pan      | Found an exit through the horrors of the Abyss.
148006 | Pan      | Found a huge runed gate.
148006 | Pan      | Noticed Reumuss the pandemonium lord
148017 | Pan      | Killed Reumuss the pandemonium lord
148191 | Pan      | Got a heavily runed marble ring
148193 | Pan      | Identified the ring of Xom's Malicious Joy {rCorr rElec rPois rF++ MR-} (You found it in Pandemonium)
148358 | Pan      | Found an exit through the horrors of the Abyss.
148899 | Pan      | Noticed Oco Taim the pandemonium lord
148920 | Pan      | Killed Oco Taim the pandemonium lord
149236 | Pan      | Found an exit through the horrors of the Abyss.
149727 | Pan      | Entered the realm of Mnoleg.
149838 | Pan      | Found an exit through the horrors of the Abyss.
150550 | Pan      | Noticed Mnoleg
150573 | Pan      | Killed Mnoleg
150580 | Pan      | Got a glowing rune of Zot
150843 | Depths:3 | Escaped Pandemonium
151295 | Pan      | Entered Pandemonium
151693 | Pan      | Found an exit through the horrors of the Abyss.
152132 | Depths:3 | Escaped Pandemonium
152294 | Pan      | Entered Pandemonium
152868 | Pan      | Noticed Anuekk the pandemonium lord
152882 | Pan      | Killed Anuekk the pandemonium lord
152963 | Pan      | Found an exit through the horrors of the Abyss.
154027 | Pan      | Reached skill level 15 in Spellcasting
154088 | Pan      | Found a white marble altar of Elyvilon.
154487 | Pan      | Got a shimmering cloak
154488 | Pan      | Identified the +0 cloak "Tofimn" {Dex+5} (You found it in Pandemonium)
154834 | Pan      | Found a glowing silver altar of Zin.
155273 | Pan      | Noticed a seraph
155673 | Pan      | Killed a seraph
155702 | Pan      | Got a smoking glass ring
155705 | Pan      | Identified the ring of Manlacus {rCorr *Drain rElec Dex+3} (You took it off a seraph in Pandemonium)
155737 | Pan      | Found a glowing golden altar of the Shining One.
155776 | Pan      | Got a demonic rune of Zot
155799 | Pan      | Got a pair of steaming boots
155800 | Pan      | Identified the cursed -2 pair of boots "Xorch" {-Tele Str+3} (You found it in Pandemonium)
156573 | Pan      | Found an exit through the horrors of the Abyss.
156936 | Pan      | Noticed Suajist the pandemonium lord
157370 | Pan      | Killed Suajist the pandemonium lord
157841 | Pan      | Found an exit through the horrors of the Abyss.
157892 | Pan      | Noticed Rarchi the pandemonium lord
157931 | Pan      | Killed Rarchi the pandemonium lord
159480 | Pan      | Found an exit through the horrors of the Abyss.
159868 | Pan      | Noticed Pobly the pandemonium lord
159880 | Pan      | Killed Pobly the pandemonium lord
160699 | Pan      | Found an exit through the horrors of the Abyss.
160786 | Pan      | Learned a level 7 spell: Orb of Destruction
160806 | Pan      | Noticed Kegule the pandemonium lord
160845 | Pan      | Killed Kegule the pandemonium lord
161545 | Pan      | Noticed Lusip the pandemonium lord
161559 | Pan      | Killed Lusip the pandemonium lord
161876 | Pan      | Found an exit through the horrors of the Abyss.
162373 | Pan      | Entered the realm of Cerebov.
162697 | Pan      | Found an exit through the horrors of the Abyss.
162781 | Pan      | Reached skill level 27 in Necromancy
162814 | Pan      | Reached skill level 1 in Conjurations
163851 | Pan      | Identified the Disquisition on Helpful Bewitchment (You found it in Pandemonium)
163863 | Pan      | Identified the Almanac of the Mountains
164036 | Pan      | Reached skill level 5 in Conjurations
164064 | Pan      | Noticed Cerebov
164087 | Pan      | Got a fiery rune of Zot
164370 | Pan      | Reached skill level 10 in Translocations
164415 | Pan      | Found an exit through the horrors of the Abyss.
164479 | Pan      | Got a shimmering cloak
164480 | Pan      | Identified the +0 cloak "Paaruq" {rElec} (You found it in Pandemonium)
165060 | Pan      | Found an exit through the horrors of the Abyss.
165467 | Pan      | Noticed Urhimil the pandemonium lord
165478 | Pan      | Killed Urhimil the pandemonium lord
165478 | Pan      | Reached skill level 15 in Evocations
166511 | Pan      | Noticed Alyrch the pandemonium lord
166843 | Pan      | Found an exit through the horrors of the Abyss.
166982 | Pan      | Killed Alyrch the pandemonium lord
166982 | Pan      | Reached skill level 10 in Conjurations
167387 | Depths:3 | Escaped Pandemonium
167843 | D:5      | Bought an Akashic Record for 1104 gold pieces
168160 | Hell     | Learned a level 8 spell: Controlled Blink
168263 | Pan      | Entered the realm of Lom Lobon.
168263 | Pan      | Entered Pandemonium
168627 | Pan      | Found an exit through the horrors of the Abyss.
169136 | Pan      | Noticed Lom Lobon
169482 | Pan      | Got a magical rune of Zot
169764 | Pan      | Noticed Lom Lobon
170287 | Depths:3 | Escaped Pandemonium
170384 | Pan      | Entered Pandemonium
170384 | Pan      | Noticed Baeticum the pandemonium lord
170422 | Pan      | Killed Baeticum the pandemonium lord
170571 | Pan      | Reached skill level 15 in Conjurations
171170 | Pan      | Found an exit through the horrors of the Abyss.
171495 | Pan      | Entered the realm of Gloorx Vloq.
171534 | Pan      | Noticed Cerebov
171970 | Pan      | Noticed Gloorx Vloq
171992 | Pan      | Got a dark rune of Zot
172012 | Depths:3 | Escaped Pandemonium
172457 | Zot:5    | Got the Orb of Zot
172549 | Zot:3    | Noticed Emyehued the pandemonium lord
173059 | D:$      | Escaped with the Orb!

Skill      XL: |  1  2  3  4  5  6  7  8  9 10 11 12 13 14 15 16 17 18 19 20 21 22 23 24 25 26 27 |
---------------+----------------------------------------------------------------------------------+-----
Axes           | 3 4 5 8 10 12 14 15 17 18 20 21 22 24 26 27 | 27.0
Fighting       | 4 5 6 8 10 11 13 14 16 17 19 21 22 23 24 25 26 27 | 27.0
Invocations    | 2 7 10 11 16 | 16.0
Evocations     | 2 4 5 11 15 | 15.0
Dodging        | 2 6 7 23 | 23.0
Armour         | 5 8 11 13 15 16 17 19 21 23 27 | 27.0
Translocations | 2 4 6 7 13 | 13.7
Air Magic      | 3 4 6 16 | 16.0
Spellcasting   | 2 4 5 7 18 | 18.0
Charms         | 3 5 7 8 9 17 | 17.0
Necromancy     | 3 5 10 11 27 | 27.0
Shields        | 6 |  6.0
Earth Magic    | 16 | 16.0
Transmutations | 20 | 20.0
Hexes          | 19 | 19.0
Summonings     | 10 | 10.0
Conjurations   | 16 | 16.7

Action                   |  1- 3 |  4- 6 |  7- 9 | 10-12 | 13-15 | 16-18 | 19-21 | 22-24 | 25-27 || total
-------------------------+-------+-------+-------+-------+-------+-------+-------+-------+-------++-------
Melee: War axe           |   154 |   202 |   393 |   179 |       |       |       |       |       ||   928
       Battleaxe         |       |       |       |  1027 |   984 |  1168 |  1439 |  1368 |   149 ||  6135
       Whip              |       |       |       |       |   143 |       |       |       |       ||   143
       Executioner's axe |       |       |       |       |     8 |       |    23 |   397 | 12972 || 13400
       Punch             |       |       |       |       |     1 |       |       |       |       ||     1
       Broad axe         |       |       |       |       |       |       |       |       |   614 ||   614
       Staff             |       |       |       |       |       |       |       |       |    53 ||    53
 Cast: Repel Missiles    |       |       |       |       |       |    17 |    13 |    20 |    34 ||    84
       Animate Skeleton  |       |       |       |       |       |       |    14 |    14 |    23 ||    51
       Regeneration      |       |       |       |       |       |       |    50 |   214 |   797 ||  1061
       Animate Dead      |       |       |       |       |       |       |     2 |    43 |   201 ||   246
       Shroud of Golubri |       |       |       |       |       |       |     1 |     1 |    12 ||    14
       Sublimation of Bl |       |       |       |       |       |       |       |     1 |     1 ||     2
       Necromutation     |       |       |       |       |       |       |       |       |   267 ||   267
       Lee's Rapid Decon |       |       |       |       |       |       |       |       |   182 ||   182
       Apportation       |       |       |       |       |       |       |       |       |   171 ||   171
       Haste             |       |       |       |       |       |       |       |       |    98 ||    98
       Deflect Missiles  |       |       |       |       |       |       |       |       |    55 ||    55
       Airstrike         |       |       |       |       |       |       |       |       |    34 ||    34
       Invisibility      |       |       |       |       |       |       |       |       |    22 ||    22
       Summon Butterflie |       |       |       |       |       |       |       |       |    19 ||    19
       Passwall          |       |       |       |       |       |       |       |       |    17 ||    17
       Blink             |       |       |       |       |       |       |       |       |     1 ||     1
       Swiftness         |       |       |       |       |       |       |       |       |     1 ||     1
Invok: Heroism           |       |       |       |     4 |     9 |    21 |    14 |    12 |     8 ||    68
       Finesse           |       |       |       |     1 |     3 |     6 |     8 |     6 |    32 ||    56
       Receive Corpses   |       |       |       |       |       |       |       |       |    66 ||    66
 Abil: Stop Flying       |       |       |       |       |       |       |       |     3 |    12 ||    15
       Evoke Flight      |       |       |       |       |       |       |       |     3 |    12 ||    15
       End Transformatio |       |       |       |       |       |       |       |       |     7 ||     7
Evoke: Wand              |       |       |     4 |    28 |    15 |    13 |     9 |     8 |    83 ||   160
       Sack of spiders   |       |       |       |       |     2 |       |       |       |    17 ||    19
       Disc of storms    |       |       |       |       |       |       |     2 |       |    10 ||    12
       Lamp of fire      |       |       |       |       |       |       |       |       |     4 ||     4
       Phial of floods   |       |       |       |       |       |       |       |       |     2 ||     2
       Staff of energy   |       |       |       |       |       |       |       |       |   371 ||   371
       Stone of tremors  |       |       |       |       |       |       |       |       |     3 ||     3
       Rod               |       |       |       |       |       |       |       |       |     2 ||     2
       Phantom mirror    |       |       |       |       |       |       |       |       |     1 ||     1
  Use: Scroll            |    10 |     1 |    10 |    16 |    13 |    10 |    23 |     8 |   135 ||   226
       Potion            |     1 |     1 |     9 |     4 |     4 |     3 |    10 |     3 |    60 ||    95
 Stab: Distracted        |       |       |       |       |     2 |       |       |    11 |    70 ||    83
       Invisible         |       |       |       |       |       |       |     6 |       |   125 ||   131
       Paralysed         |       |       |       |       |       |       |     6 |       |     3 ||     9
       Petrified         |       |       |       |       |       |       |       |     3 |     2 ||     5
       Held in net/web   |       |       |       |       |       |       |       |       |     4 ||     4
       Confused          |       |       |       |       |       |       |       |       |     3 ||     3
       Petrifying        |       |       |       |       |       |       |       |       |     2 ||     2
  Eat: Chunk             |     4 |     6 |    12 |    41 |    36 |    18 |    42 |    58 |    99 ||   316
       Beef jerky        |       |       |       |     1 |       |     1 |     1 |     3 |    13 ||    19
       Fruit             |       |       |       |     5 |    12 |    25 |     2 |     4 |    13 ||    61
       Meat ration       |       |       |       |     1 |       |       |     1 |     2 |    29 ||    33
       Pizza             |       |       |       |       |       |     2 |     5 |     2 |    14 ||    23
       Bread ration      |       |       |       |       |       |       |     1 |     1 |    19 ||    21
       Royal jelly       |       |       |       |       |       |       |       |       |    17 ||    17
Armor: Scale mail        |    55 |    78 |    27 |       |       |   219 |     9 |       |       ||   388
       Chain mail        |       |       |   137 |   620 |       |       |       |       |       ||   757
       Skin              |       |       |       |     8 |       |       |       |       |       ||     8
       Plate armour      |       |       |       |       |   574 |   112 |   702 |   771 |       ||  2159
       Gold dragon armou |       |       |       |       |       |       |       |   485 |  6034 ||  6519
       Pearl dragon armo |       |       |       |       |       |       |       |       |  1737 ||  1737
Dodge: Dodged            |    47 |    58 |    71 |   413 |   308 |   398 |   586 |   796 |  8856 || 11533
       Deflected         |       |       |       |       |       |    48 |    48 |    77 |   469 ||   642
Block: Shield            |    80 |    80 |   143 |    64 |       |       |       |       |       ||   367
       Buckler           |       |       |       |       |       |       |       |       |    94 ||    94
